Workbook
Name \a: [1]Insumos!#REF!
Name \b: [2]INSUMOS!#REF!
Name \i: [2]INSUMOS!#REF!
Name \m: [2]INSUMOS!#REF!
Name \r: [2]INSUMOS!#REF!
Name \t: [2]INSUMOS!#REF!
Name \x: [2]INSUMOS!#REF!
Name a: [1]Insumos!#REF!
Name ACERO: #REF!
Name adfasfadfa: [1]Insumos!#REF!
Name ADMON: #REF!
Name adsfadsfasdfafdasfdasfd: [2]INSUMOS!#REF!
Name adsfadsfasfasdfasfdasdfadsfdsafdsa: [1]Insumos!#REF!
Name afdaffaf: [1]Insumos!#REF!
Name AGUA: [3]INSUMOS!$D$4
Name ALAMB: [3]INSUMOS!$D$169
Name ALAMBRE: #REF!
Name ANDENESV: #REF!
Name ANTISB: [3]INSUMOS!$D$181
Name ARENA: #REF!
Name asdasd: #REF!
Name asdfasdf: [2]INSUMOS!#REF!
Name ASS: [1]Insumos!#REF!
Name AYU: #REF!
Name b: [1]Insumos!#REF!
Name BASE: #REF!
Name Base_datos_IM: [1]Insumos!#REF!
Name BASEGRAV: #REF!
Name BEXE: [2]INSUMOS!#REF!
Name BORDE1: #N/A
Name BUENAVENTURAS: [1]Insumos!#REF!
Name CANGURO: #REF!
Name Capitulo: [4]Capitulos!$B$1:$B$65536
Name CEM: [3]INSUMOS!$D$275
Name CEMENTO: #REF!
Name cesped: [5]Mater!#REF!
Name COMPRE: #REF!
Name CONCRETO25: #REF!
Name Concreto2500v: #REF!
Name CONCRETO3: #REF!
Name concreto5: #REF!
Name Concreto5500v: #REF!
Name concretomuro: #REF!
Name COTA: #REF!
Name Criterios_IM: [2]INSUMOS!#REF!
Name CUAD: #REF!
Name Cuadrilla: '[4]Mano Obra'!$B$1:$B$65536
Name dad: [1]Insumos!#REF!
Name DEMOLICIONANDEN: #REF!
Name demolicionladrillo: #REF!
Name DEMOLICIONMURO: #REF!
Name demolicionpav: #REF!
Name DIA: #REF!
Name espejo: [1]Insumos!#REF!
Name ESTACA: #REF!
Name excavaconglomerado: #REF!
Name EXCAVAMANOV: #REF!
Name EXCAVAMAQUINAV: #REF!
Name EXCAVATIERRA: #REF!
Name EXPL: #REF!

Sheet PRESUPUESTO 
A1: ANEXO No. 2 PRECIOS UNITARIOS DE REFERENCIA PROCESO IMC-28-008-2024
A2: Realizar a Precios Unitarios Fijos las Obras de Adecuación y Mantenimiento de las Instalaciones Eléctricas, Cableado Estructurado y Sistema de Detección y Alarma contra Incendios de la Seccional Florencia.
A3: ITEM | B3: DESCRIPCION | C3: UNIDAD | D3: CANTIDAD | E3: UNITARIO | F3: TOTAL | G3: CANTIDADES DE OBRA ACTUALIZADAS | H3: V. TOTAL MAYORES CANTIDADES DE ORA E IMPREVISTOS | I3: CANTIDADES TOTALES DE OBRA ACTUALIZADAS | J3: V. TOTAL CANTIDADES DE OBRA ACTUALIZADAS
A4: 1 | B4: RED ELÉCTRICA
A5: 1.1 | B5: EQUIPO DE MEDIDA DE OS ELEMENTOS EXISTENTE
A6: 1.1.1 | B6: DESCONEXION Y DESMONTE DEL EQUIPO DE MEDIDA DE DOS ELEMENTOS, EN MEDIA TENSIÓN , EXISTENTE (DOS TRANFORMADORES DE POTECIAL Y DOS TRANFORMADORES DE CORRIENTE) INCLUYE MANO DE OBRA, HERRAMIENTAS Y MANIOBRAS DE CORTE Y RECONEXIÓN DE LA ENERGIA ELECTRICA. | C6: Und | D6: 1 | E6: 620000 | F6: =+E6*D6 -> 620000 | H6: =+G6*E6 -> 0 | I6: =+D6 -> 1 | J6: =+I6*E6 -> 620000
A7: 1.1.2 | B7: SUMINSTRO E INSTALACION DE TRANSFORMADOR DE CORRIENTE, CT 15 KV, USO INTERIOR , INCLUYE MANO DE OBRA, HERRAMIENTA. | C7: Und | D7: 3 | E7: 2528050 | F7: =+E7*D7 -> 7584150 | H7: =+G7*E7 -> 0 | I7: =+D7 -> 3 | J7: =+I7*E7 -> 7584150
A8: 1.1.3 | B8: SUMINSTRO E INSTALACION DE TRANSFORMADOR DE DE VOLTAJE, PT 13,2 KV /120, USO INTERIOR, , INCLUYE MANO DE OBRA, HERRAMIENTAS. | C8: Und | D8: 3 | E8: 2528050 | F8: =+E8*D8 -> 7584150 | H8: =+G8*E8 -> 0 | I8: =+D8 -> 3 | J8: =+I8*E8 -> 7584150
A9: 1.1.4 | B9: MANTENIMIENTO A TABLEROS DE DISTRIBUCION DE BAJA TENSION AUTOSOPORTADOS, INCLUYE LIMPIEZA GENERAL, AJUSTE DE CONEXIONES, ARREGLO O REPOSICIÓN DE CHAPA Y CLIPS DE TAPAS LATERALES, CONEXIÓN DE LA ESTRUCTURA Y PUERTAS A BARRAJE DE TIERRAS, Y MANO DE OBRA E INSUMOS. | C9: Und | D9: 1 | E9: 620000 | F9: =+E9*D9 -> 620000 | H9: =+G9*E9 -> 0 | I9: =+D9 -> 1 | J9: =+I9*E9 -> 620000
B10: Total RED ELÉCTRICA | F10: =SUM(F6:F9) -> 16408300 | H10: =SUM(H6:H9) -> 0 | J10: =SUM(J6:J9) -> 16408300
A11: 2 | B11: RED CONTRA INCENDIOS
A12: 2,01 | B12: CAJA DE PLASTICA 15X15 | C12: un | D12: 1 | E12: 46500 | F12: =+E12*D12 -> 46500 | H12: =+G12*E12 -> 0 | I12: =+D12+G12 -> 1 | J12: =+I12*E12 -> 46500
A13: 2,02 | B13: CAJA DE PASO 10X10 | C13: und | D13: 3 | E13: 9300 | F13: =+E13*D13 -> 27900 | G13: 26 | H13: =+G13*E13 -> 241800 | I13: =+D13+G13 -> 29 | J13: =+I13*E13 -> 269700
A14: 2,03 | B14: DETECTOR FOTOELÉCTRICO DE HUMO CONVENCIONAL DE 4 HILOS. INCLUYE BASE | C14: un | D14: 5 | E14: 193750 | F14: =+E14*D14 -> 968750 | G14: =10+1+4+2+1+3+1+3+2+1+1-5 -> 24 | H14: =+G14*E14 -> 4650000 | I14: =+D14+G14 -> 29 | J14: =+I14*E14 -> 5618750
A15: 2,04 | B15: ESTACION MANUAL DE EMERGENCIA, DOBLE ACCION, CONVENCIONAL, CON MENSAJE EN ESPAÑOL | C15: un | D15: 3 | E15: 271250 | F15: =+E15*D15 -> 813750 | H15: =+G15*E15 -> 0 | I15: =+D15+G15 -> 3 | J15: =+I15*E15 -> 813750
A16: 2,05 | B16: MODULO EXPANSOR 8 ZONAS | C16: un | D16: 1 | E16: 1550000 | F16: =+E16*D16 -> 1550000 | H16: =+G16*E16 -> 0 | I16: =+D16+G16 -> 1 | J16: =+I16*E16 -> 1550000
A17: 2,06 | B17: TRANSFORMADOR 16.5V 40AMP | C17: un | D17: 1 | E17: 2325000 | F17: =+E17*D17 -> 2325000 | H17: =+G17*E17 -> 0 | I17: =+D17+G17 -> 1 | J17: =+I17*E17 -> 2325000
A18: 2,07 | B18: FUENTE DE ALIMENTACION 1.5A CONTINUO | C18: und | D18: 1 | E18: 1937500 | F18: =+E18*D18 -> 1937500 | H18: =+G18*E18 -> 0 | I18: =+D18+G18 -> 1 | J18: =+I18*E18 -> 1937500
A19: 2,08 | B19: CAJA METALICA 28 X 28 X 7.6CM | C19: un | D19: 1 | E19: 69750 | F19: =+E19*D19 -> 69750 | H19: =+G19*E19 -> 0 | I19: =+D19+G19 -> 1 | J19: =+I19*E19 -> 69750
A20: 2,09 | B20: BATERIA 12V 4AH | C20: un | D20: 1 | E20: 93000 | F20: =+E20*D20 -> 93000 | H20: =+G20*E20 -> 0 | I20: =+D20+G20 -> 1 | J20: =+I20*E20 -> 93000
A21: 2,10 | B21: CABLE 18 AWG, 4 CONDUCTORES, SIN BLINDAR, DE COLOR ROJO | C21: ml | D21: 750 | E21: 6200 | F21: =+E21*D21 -> 4650000 | G21: =12+20+5+35+4+16.5+6+6+6+35+30+60+20+35+20+87 -> 397.5 | H21: =+G21*E21 -> 2464500 | I21: =+D21+G21 -> 1147.5 | J21: =+I21*E21 -> 7114500
A22: 2,11 | B22: CLAVIJA DE SEGURIDAD 15A | C22: un | D22: 1 | E22: 38750 | F22: =+E22*D22 -> 38750 | H22: =+G22*E22 -> 0 | I22: =+D22+G22 -> 1 | J22: =+I22*E22 -> 38750
A23: 2,12 | B23: CANALETA PLASTICA 20X10 | C23: ml | D23: 60 | E23: 9300 | F23: =+E23*D23 -> 558000 | H23: =+G23*E23 -> 0 | I23: =+D23+G23 -> 60 | J23: =+I23*E23 -> 558000
B24: Total RED CONTRA INCENDIOS | F24: =SUM(F11:F23) -> 13078900 | H24: =SUM(H11:H23) -> 7356300 | J24: =SUM(J11:J23) -> 20435200
A25: 3 | B25: CABLEADO ESTRUCTURADO | H25: =+G25*E25 -> 0 | J25: =+I25*E25 -> 0
A26: 3,01 | B26: MANTENIMIENTO DEL CENTRO DE CABLEADO. INCLUYE REORGANIZACIÓN, PEINADO DE CABLES, MARQUILLADO, ORGANIZADORES DE CABLES, CINTA VELCRO Y TODO LO NECESARIO PARA SU ORGANIZACION. | C26: un | D26: 1 | E26: 2325000 | F26: =+E26*D26 -> 2325000 | H26: =+G26*E26 -> 0 | I26: =+D26+G26 -> 1 | J26: =+I26*E26 -> 2325000
A27: 3,02 | B27: DESMONTE DE PUNTO DE CABLEADO ESTRUCTURADO EXISTENTE. INCLUYE PUNTO LÓGICO, TOMA REGULADA, TOMA NORMAL, CABLEADO, CANALETA Y DEMÁS ELEMENTOS | C27: un | D27: 40 | E27: =2712500/40 -> 67812.5 | F27: =+E27*D27 -> 2712500 | G27: 5 | H27: =+G27*E27 -> 339062.5 | I27: =+D27+G27 -> 45 | J27: =+I27*E27 -> 3051562.5
A28: 3,03 | B28: SUMINISTRO E INSTALACIÓN DE PUNTO LOGICO SENCILLO DE CABLEADO ESTRUCTURADO CAT. 6A, DESDE EL RACK, INCLUYE CERTIFICACIÓN, RED REGULADA Y NO REGULADA SEGUN ESPECIFICACIONES TÉCNICAS ANEXAS FLORENCIA | C28: un | D28: 30 | E28: =7750000/30 -> 258333.33 | F28: =+E28*D28 -> 7750000 | G28: 15 | H28: =+G28*E28 -> 3875000 | I28: =+D28+G28 -> 45 | J28: =+I28*E28 -> 11625000
A29: 3,04 | B29: SUMINISTRO E INSTALACIÓN DE PUNTO LOGICO DOBLE DE CABLEADO ESTRUCTURADO CAT. 6A, DESDE EL RACK, INCLUYE CERTIFICACIÓN, RED REGULADA Y NO REGULADA SEGUN ESPECIFICACIONESTÉCNICAS ANEXAS FLORENCIA | C29: un | D29: 4 | E29: =7750000/4 -> 1937500 | F29: =+E29*D29 -> 7750000 | H29: =+G29*E29 -> 0 | I29: =+D29+G29 -> 4 | J29: =+I29*E29 -> 7750000
A30: Realizar a Precios Unitarios Fijos las Obras de Adecuación y Mantenimiento de las Instalaciones Eléctricas, Cableado Estructurado y Sistema de Detección y Alarma contra Incendios de la Seccional Florencia.
A31: ITEM | B31: DESCRIPCION | C31: UNIDAD | D31: CANTIDAD | E31: UNITARIO | F31: TOTAL
A32: 3,05 | B32: SUMINISTRO E INSTALACIÓN DE PUNTO LOGICO SENCILLO DE CABLEADO ESTRUCTURADO PARA IMPRESORA CAT. 6A, DESDE EL RACK, INCLUYE CERTIFICACIÓN, RED NO REGULADA SEGUN ESPECIFICACIONES TÉCNICAS ANEXAS FLORENCIA | C32: un | D32: 4 | E32: =6975000/D32 -> 1743750 | F32: =+E32*D32 -> 6975000 | H32: =+G32*E32 -> 0 | I32: =+D32+G32 -> 4 | J32: =+I32*E32 -> 6975000
A33: NP-01 | B33: SUMINISTRO E INSTALCIÓN DE CABLE UTP CATAGORIA 6A. | C33: m | E33: 4100 | G33: 1200 | H33: =+G33*E33 -> 4920000 | I33: =+D33+G33 -> 1200 | J33: =+I33*E33 -> 4920000
A34: NP-02 | B34: DESMONTE DE CIELORASO. INCLUYE RETIRO | C34: m | E34: 22500 | G34: =3.9+3.1+2.5 -> 9.5 | H34: =+G34*E34 -> 213750 | I34: =+D34+G34 -> 9.5 | J34: =+I34*E34 -> 213750
A35: NP-03 | B35: SUMINISTRO DE CIELORASO EN DRYWALL, INCLYE PINTURA DE ACABADO | C35: m | E35: 85500 | G35: =3.9+3.1+2.5 -> 9.5 | H35: =+G35*E35 -> 812250 | I35: =+D35+G35 -> 9.5 | J35: =+I35*E35 -> 812250
A36: NP-04 | B36: DESMONTE Y MONTE DE CIELORASO | C36: m | E36: 17500 | G36: 4.5 | H36: =+G36*E36 -> 78750 | I36: =+D36+G36 -> 4.5 | J36: =+I36*E36 -> 78750
A37: NP-05 | B37: CANALETA METALICA DE 12X5 CM | C37: m | E37: =126900/2.4+15862 -> 68737 | G37: =2.4+4+4+8+1.5 -> 19.9 | H37: =+G37*E37 -> 1367866.3 | I37: =+D37+G37 -> 19.9 | J37: =+I37*E37 -> 1367866.3
A38: NP-06 | B38: CONFIGURACION DE TARJETA DE RED CONTRAINCENDIO | C38: un | E38: 450000 | G38: 1 | H38: =+G38*E38 -> 450000 | I38: =+D38+G38 -> 1 | J38: =+I38*E38 -> 450000
A39: NP-07 | B39: TUBERIA EMT DE 1/2". INCLUYE, CURVAS, TERMONALES, CHAZOS Y ABRAZARAS | C39: m | E39: =16700+1640+5500 -> 23840 | G39: =20+20+6+1.5+35+20+6+12+10 -> 130.5 | H39: =+G39*E39 -> 3111120 | I39: =+D39+G39 -> 130.5 | J39: =+I39*E39 -> 3111120
A40: NP-08 | B40: ORGANIZADOR PARA RACK | C40: un | E40: =87900*1.3 -> 114270 | G40: 4 | H40: =+G40*E40 -> 457080 | I40: =+D40+G40 -> 4 | J40: =+I40*E40 -> 457080
A41: NP-09 | B41: REUBICACION DE DETECTOR DE HUMO | C41: un | E41: =193750*40% -> 77500 | G41: 2 | H41: =+G41*E41 -> 155000 | I41: =+D41+G41 -> 2 | J41: =+I41*E41 -> 155000
A42: NP-10 | B42: SUMINISTRO E INSTALCION DE PINTURA VINILO TIPO 1 DOS APLICACIONES SOBRE SUPERFICIES DEL MISMO COLOR | C42: M2 | E42: 20500 | G42: 220 | H42: =+G42*E42 -> 4510000 | I42: 220 | J42: =+I42*E42 -> 4510000
A43: NP-1 | B43: SUMINISTRO E INSTALACION DE CABLE TRENSADO 3X12 FASE ROJA | C43: M | E43: =18400*1.3 -> 23920 | G43: 5.4 | H43: =+G43*E43 -> 129168 | I43: 5.4 | J43: =+I43*E43 -> 129168
A44: NP-12 | B44: ASEO GENERAL DE OBRA | C44: un | E44: 650000 | G44: 1 | H44: =+G44*E44 -> 650000 | I44: =+D44+G44 -> 1 | J44: =+I44*E44 -> 650000
H45: =+G45*E45 -> 0
A46: CABLE ESTRUCTURADO | F46: =+F26+F27+F28+F29+F32 -> 27512500 | H46: =SUM(H26:H45) -> 21069047 | J46: =SUM(J26:J44) -> 48581547
A47: COSTO DIRECTO | F47: =+F46+F24+F10 -> 56999700 | H47: =+H46+H24+H10 -> 28425347 | J47: =+J46+J24+J10 -> 85425047
A48: ADMINISTRACION | F48: =+F47*29% -> 16529913 | H48: =+H47*29% -> 8243350.6 | I48: 0.29 | J48: =+J47*29% -> 24773264
A49: IMPREVISTOS | F49: =+F47*1% -> 569997 | H49: =+H47*1% -> 284253.47 | I49: 0.01 | J49: =+J47*1% -> 854250.47
A50: UTILIDAD | F50: =+F47*5% -> 2849985 | H50: =+H47*5% -> 1421267.3 | I50: 0.05 | J50: =+J47*5% -> 4271252.3
A51: IVA SOBRE UTILIDAD | F51: =+F50*19% -> 541497.15 | H51: =+H50*19% -> 270040.79 | I51: 0.19 | J51: =+J50*19% -> 811537.94
A52: COSTO TOTAL DE LA OBRA | F52: =+F47+F48+F49+F50+F51 -> 77491092 | H52: =+H47+H48+H49+H50+H51 -> 38644259 | J52: =+J47+J48+J49+J50+J51 -> 1.1613535e+08
A53: En constancia, se firma en Bogotá, D.C., a los 18 dias del mes de noviembre de 2024
A54: VEGA INGENIERIA Y CONSTRUCCION S.A.S NIT. 900.811.229-4 ING. JOSE FERNANDO VEGA PAVA C.C. 74.271.014 DE TASCO REPRESENTANTE LEGAL CARRERA 136 A # 151-02 Teléfono: 3219973260-6963224

Sheet PRESUPUESTO FINAL 
A1: ANEXO No. 2 PRECIOS UNITARIOS DE REFERENCIA PROCESO IMC-28-008-2024
A2: Realizar a Precios Unitarios Fijos las Obras de Adecuación y Mantenimiento de las Instalaciones Eléctricas, Cableado Estructurado y Sistema de Detección y Alarma contra Incendios de la Seccional Florencia.
A3: ITEM | B3: DESCRIPCION | C3: UNIDAD | D3: CANTIDAD INICIAL | E3: UNITARIO | F3: TOTAL | G3: CANTIDADES DE OBRA ACTUALIZADAS | H3: V. TOTAL MAYORES CANTIDADES DE ORA E IMPREVISTOS | I3: CANTIDADES TOTALES DE OBRA ACTUALIZADAS | J3: V. TOTAL CANTIDADES DE OBRA ACTUALIZADAS
A4: 1 | B4: RED ELÉCTRICA
A5: 1.1 | B5: EQUIPO DE MEDIDA DE OS ELEMENTOS EXISTENTE
A6: 1.1.1 | B6: DESCONEXION Y DESMONTE DEL EQUIPO DE MEDIDA DE DOS ELEMENTOS, EN MEDIA TENSIÓN , EXISTENTE (DOS TRANFORMADORES DE POTECIAL Y DOS TRANFORMADORES DE CORRIENTE) INCLUYE MANO DE OBRA, HERRAMIENTAS Y MANIOBRAS DE CORTE Y RECONEXIÓN DE LA ENERGIA ELECTRICA. | C6: Und | D6: 1 | E6: 620000 | F6: =+E6*D6 -> 620000 | H6: =+G6*E6 -> 0 | I6: =+D6 -> 1 | J6: =+I6*E6 -> 620000
A7: 1.1.2 | B7: SUMINSTRO E INSTALACION DE TRANSFORMADOR DE CORRIENTE, CT 15 KV, USO INTERIOR , INCLUYE MANO DE OBRA, HERRAMIENTA. | C7: Und | D7: 3 | E7: 2528050 | F7: =+E7*D7 -> 7584150 | H7: =+G7*E7 -> 0 | I7: =+D7 -> 3 | J7: =+I7*E7 -> 7584150
A8: 1.1.3 | B8: SUMINSTRO E INSTALACION DE TRANSFORMADOR DE DE VOLTAJE, PT 13,2 KV /120, USO INTERIOR, , INCLUYE MANO DE OBRA, HERRAMIENTAS. | C8: Und | D8: 3 | E8: 2528050 | F8: =+E8*D8 -> 7584150 | H8: =+G8*E8 -> 0 | I8: =+D8 -> 3 | J8: =+I8*E8 -> 7584150
A9: 1.1.4 | B9: MANTENIMIENTO A TABLEROS DE DISTRIBUCION DE BAJA TENSION AUTOSOPORTADOS, INCLUYE LIMPIEZA GENERAL, AJUSTE DE CONEXIONES, ARREGLO O REPOSICIÓN DE CHAPA Y CLIPS DE TAPAS LATERALES, CONEXIÓN DE LA ESTRUCTURA Y PUERTAS A BARRAJE DE TIERRAS, Y MANO DE OBRA E INSUMOS. | C9: Und | D9: 1 | E9: 620000 | F9: =+E9*D9 -> 620000 | H9: =+G9*E9 -> 0 | I9: =+D9 -> 1 | J9: =+I9*E9 -> 620000
B10: Total RED ELÉCTRICA | F10: =SUM(F6:F9) -> 16408300 | H10: =SUM(H6:H9) -> 0 | J10: =SUM(J6:J9) -> 16408300
A11: 2 | B11: RED CONTRA INCENDIOS
A12: 2,01 | B12: CAJA DE PLASTICA 15X15 | C12: Und | D12: 1 | E12: 46500 | F12: =+E12*D12 -> 46500 | H12: =+G12*E12 -> 0 | I12: =+D12+G12 -> 1 | J12: =+I12*E12 -> 46500
A13: 2,02 | B13: CAJA DE PASO 10X10 | C13: und | D13: 3 | E13: 9300 | F13: =+E13*D13 -> 27900 | G13: 26 | H13: =+G13*E13 -> 241800 | I13: 35 | J13: =+I13*E13 -> 325500
A14: 2,03 | B14: DETECTOR FOTOELÉCTRICO DE HUMO CONVENCIONAL DE 4 HILOS. INCLUYE BASE | C14: Und | D14: 5 | E14: 193750 | F14: =+E14*D14 -> 968750 | G14: =10+1+4+2+1+3+1+3+2+1+1-5 -> 24 | H14: =+G14*E14 -> 4650000 | I14: 30 | J14: =+I14*E14 -> 5812500
A15: 2,04 | B15: ESTACION MANUAL DE EMERGENCIA, DOBLE ACCION, CONVENCIONAL, CON MENSAJE EN ESPAÑOL | C15: Und | D15: 3 | E15: 271250 | F15: =+E15*D15 -> 813750 | H15: =+G15*E15 -> 0 | I15: =+D15+G15 -> 3 | J15: =+I15*E15 -> 813750
A16: 2,05 | B16: MODULO EXPANSOR 8 ZONAS | C16: Und | D16: 1 | E16: 1550000 | F16: =+E16*D16 -> 1550000 | H16: =+G16*E16 -> 0 | I16: =+D16+G16 -> 1 | J16: =+I16*E16 -> 1550000
A17: 2,06 | B17: TRANSFORMADOR 16.5V 40AMP | C17: Und | D17: 1 | E17: 2325000 | F17: =+E17*D17 -> 2325000 | H17: =+G17*E17 -> 0 | I17: =+D17+G17 -> 1 | J17: =+I17*E17 -> 2325000
A18: 2,07 | B18: FUENTE DE ALIMENTACION 1.5A CONTINUO | C18: Und | D18: 1 | E18: 1937500 | F18: =+E18*D18 -> 1937500 | H18: =+G18*E18 -> 0 | I18: =+D18+G18 -> 1 | J18: =+I18*E18 -> 1937500
A19: 2,08 | B19: CAJA METALICA 28 X 28 X 7.6CM | C19: Und | D19: 1 | E19: 69750 | F19: =+E19*D19 -> 69750 | H19: =+G19*E19 -> 0 | I19: =+D19+G19 -> 1 | J19: =+I19*E19 -> 69750
A20: 2,09 | B20: BATERIA 12V 4AH | C20: Und | D20: 1 | E20: 93000 | F20: =+E20*D20 -> 93000 | H20: =+G20*E20 -> 0 | I20: =+D20+G20 -> 1 | J20: =+I20*E20 -> 93000
A21: 2,10 | B21: CABLE 18 AWG, 4 CONDUCTORES, SIN BLINDAR, DE COLOR ROJO | C21: M | D21: 750 | E21: 6200 | F21: =+E21*D21 -> 4650000 | G21: =12+20+5+35+4+16.5+6+6+6+35+30+60+20+35+20+87 -> 397.5 | H21: =+G21*E21 -> 2464500 | I21: =+D21+G21 -> 1147.5 | J21: =+I21*E21 -> 7114500
A22: 2,11 | B22: CLAVIJA DE SEGURIDAD 15A | C22: Und | D22: 1 | E22: 38750 | F22: =+E22*D22 -> 38750 | H22: =+G22*E22 -> 0 | I22: =+D22+G22 -> 1 | J22: =+I22*E22 -> 38750
A23: 2,12 | B23: CANALETA PLASTICA 20X10 | C23: M | D23: 60 | E23: 9300 | F23: =+E23*D23 -> 558000 | H23: =+G23*E23 -> 0 | I23: =+D23+G23 -> 60 | J23: =+I23*E23 -> 558000
B24: Total RED CONTRA INCENDIOS | F24: =SUM(F11:F23) -> 13078900 | H24: =SUM(H11:H23) -> 7356300 | J24: =SUM(J11:J23) -> 20684750
A25: 3 | B25: CABLEADO ESTRUCTURADO | H25: =+G25*E25 -> 0 | J25: =+I25*E25 -> 0
A26: 3,01 | B26: MANTENIMIENTO DEL CENTRO DE CABLEADO. INCLUYE REORGANIZACIÓN, PEINADO DE CABLES, MARQUILLADO, ORGANIZADORES DE CABLES, CINTA VELCRO Y TODO LO NECESARIO PARA SU ORGANIZACION. | C26: Und | D26: 1 | E26: 2325000 | F26: =+E26*D26 -> 2325000 | H26: =+G26*E26 -> 0 | I26: =+D26+G26 -> 1 | J26: =+I26*E26 -> 2325000
A27: 3,02 | B27: DESMONTE DE PUNTO DE CABLEADO ESTRUCTURADO EXISTENTE. INCLUYE PUNTO LÓGICO, TOMA REGULADA, TOMA NORMAL, CABLEADO, CANALETA Y DEMÁS ELEMENTOS | C27: Und | D27: 40 | E27: =2712500/40 -> 67812.5 | F27: =+E27*D27 -> 2712500 | G27: 0 | H27: =+G27*E27 -> 0 | I27: 40 | J27: =+I27*E27 -> 2712500
A28: 3,03 | B28: SUMINISTRO E INSTALACIÓN DE PUNTO LOGICO SENCILLO DE CABLEADO ESTRUCTURADO CAT. 6A, DESDE EL RACK, INCLUYE CERTIFICACIÓN, RED REGULADA Y NO REGULADA SEGUN ESPECIFICACIONES TÉCNICAS ANEXAS FLORENCIA | C28: Und | D28: 30 | E28: =7750000/30 -> 258333.33 | F28: =+E28*D28 -> 7750000 | G28: 5 | H28: =+G28*E28 -> 1291666.7 | I28: 35 | J28: =+I28*E28 -> 9041666.7
A29: 3,04 | B29: SUMINISTRO E INSTALACIÓN DE PUNTO LOGICO DOBLE DE CABLEADO ESTRUCTURADO CAT. 6A, DESDE EL RACK, INCLUYE CERTIFICACIÓN, RED REGULADA Y NO REGULADA SEGUN ESPECIFICACIONESTÉCNICAS ANEXAS FLORENCIA | C29: Und | D29: 4 | E29: =7750000/4 -> 1937500 | F29: =+E29*D29 -> 7750000 | H29: =+G29*E29 -> 0 | I29: =+D29+G29 -> 4 | J29: =+I29*E29 -> 7750000
A30: Realizar a Precios Unitarios Fijos las Obras de Adecuación y Mantenimiento de las Instalaciones Eléctricas, Cableado Estructurado y Sistema de Detección y Alarma contra Incendios de la Seccional Florencia.
A31: ITEM | B31: DESCRIPCION | C31: UNIDAD | D31: CANTIDAD | E31: UNITARIO | F31: TOTAL
A32: 3,05 | B32: SUMINISTRO E INSTALACIÓN DE PUNTO LOGICO SENCILLO DE CABLEADO ESTRUCTURADO PARA IMPRESORA CAT. 6A, DESDE EL RACK, INCLUYE CERTIFICACIÓN, RED NO REGULADA SEGUN ESPECIFICACIONES TÉCNICAS ANEXAS FLORENCIA | C32: Und | D32: 4 | E32: =6975000/D32 -> 1743750 | F32: =+E32*D32 -> 6975000 | G32: 1 | H32: =+G32*E32 -> 1743750 | I32: 5 | J32: =+I32*E32 -> 8718750
A33: NP-01 | B33: SUMINISTRO E INSTALCIÓN DE CABLE UTP CATAGORIA 6A. | C33: M | E33: 4100 | G33: 1200 | H33: =+G33*E33 -> 4920000 | I33: =+D33+G33 -> 1200 | J33: =+I33*E33 -> 4920000
A34: NP-02 | B34: DESMONTE DE CIELORASO EXISTENTE EN DRYWALL . INCLUYE RETIRO DE SOBRANTES A SITIOS AUTORIZADOS | C34: M | E34: 22500 | G34: =3.9+3.1+2.5 -> 9.5 | H34: =+G34*E34 -> 213750 | I34: =+D34+G34 -> 9.5 | J34: =+I34*E34 -> 213750
A35: NP-03 | B35: SUMINISTRO DE CIELORASO EN DRYWALL, INCLUYE , ESTRUCTURA, TORNILLERIA, CINTA, MASILLA Y PINTURA DE ACABADO | C35: M | E35: 85500 | G35: =3.9+3.1+2.5 -> 9.5 | H35: =+G35*E35 -> 812250 | I35: =+D35+G35 -> 9.5 | J35: =+I35*E35 -> 812250
A36: NP-04 | B36: DESMONTE Y MONTE DE CIELORASO EXISTENTE DE 60X60 CM | C36: M | E36: 17500 | G36: 4.5 | H36: =+G36*E36 -> 78750 | I36: =+D36+G36 -> 4.5 | J36: =+I36*E36 -> 78750
A37: NP-05 | B37: SUMNISTRO E INSTALACION DE CANALETA METALICA DE 12X5 CM | C37: M | E37: =126900/2.4+15862 -> 68737 | G37: =2.4+4+4+8+1.5 -> 19.9 | H37: =+G37*E37 -> 1367866.3 | I37: =+D37+G37 -> 19.9 | J37: =+I37*E37 -> 1367866.3
A38: NP-06 | B38: CONFIGURACION DE TARJETA DE RED CONTRAINCENDIO | C38: Und | E38: 450000 | G38: 1 | H38: =+G38*E38 -> 450000 | I38: =+D38+G38 -> 1 | J38: =+I38*E38 -> 450000
A39: NP-07 | B39: SUMINISTRO E INSTLACION DE TUBERIA EMT DE 1/2". INCLUYE, CURVAS, TERMINALES, CHAZOS Y ABRAZARAS Y DEMAS ELEMENTOS NECESARIOS. | C39: M | E39: =16700+1640+5500 -> 23840 | G39: =20+20+6+1.5+35+20+6+12+10 -> 130.5 | H39: =+G39*E39 -> 3111120 | I39: 196 | J39: =+I39*E39 -> 4672640
A40: NP-08 | B40: REUBICACION DE PUNTOS DE DETECTOR DE HUMO. INCLUYE DESMONTE DE PARATO, DESMONTE DE CABLEADO, UBICACIÓN FINAL DEL SENSOR Y COLOCACION DE APARATO NUEVAMENTE | C40: Und | E40: =193750*40% -> 77500 | G40: 2 | H40: =+G40*E40 -> 155000 | I40: =+D40+G40 -> 2 | J40: =+I40*E40 -> 155000
A41: NP-09 | B41: SUMINISTRO Y APLICACIÓN DE PINTURA VINILO TIPO 1 DOS APLICACIONES SOBRE SUPERFICIES DEL MISMO COLOR | C41: M2 | E41: 20500 | G41: 50 | H41: =+G41*E41 -> 1025000 | I41: =122+25 -> 147 | J41: =+I41*E41 -> 3013500
H42: =+G42*E42 -> 0
A43: CABLE ESTRUCTURADO | F43: =+F26+F27+F28+F29+F32 -> 27512500 | H43: =SUM(H26:H42) -> 15169153 | J43: =SUM(J26:J41) -> 46231673
A44: COSTO DIRECTO | F44: =+F43+F24+F10 -> 56999700 | H44: =+H43+H24+H10 -> 22525453 | J44: =+J43+J24+J10 -> 83324723
A45: ADMINISTRACION | F45: =+F44*29% -> 16529913 | H45: =+H44*29% -> 6532381.4 | I45: 0.29 | J45: =+J44*29% -> 24164170
A46: IMPREVISTOS | F46: =+F44*1% -> 569997 | H46: =+H44*1% -> 225254.53 | I46: 0.01 | J46: =+J44*1% -> 833247.23
A47: UTILIDAD | F47: =+F44*5% -> 2849985 | H47: =+H44*5% -> 1126272.6 | I47: 0.05 | J47: =+J44*5% -> 4166236.1
A48: IVA SOBRE UTILIDAD | F48: =+F47*19% -> 541497.15 | H48: =+H47*19% -> 213991.8 | I48: 0.19 | J48: =+J47*19% -> 791584.87
A49: COSTO TOTAL DE LA OBRA | F49: =+F44+F45+F46+F47+F48 -> 77491092 | H49: =+H44+H45+H46+H47+H48 -> 30623353 | J49: =+J44+J45+J46+J47+J48 -> 1.1327996e+08
A50: En constancia, se firma en Bogotá, D.C., a los 18 dias del mes de noviembre de 2024
A51: VEGA INGENIERIA Y CONSTRUCCION S.A.S NIT. 900.811.229-4 ING. JOSE FERNANDO VEGA PAVA C.C. 74.271.014 DE TASCO REPRESENTANTE LEGAL CARRERA 136 A # 151-02 Teléfono: 3219973260-6963224

Sheet MATERIALES
A1: SOLICITUD DE COTIZACION MATERIALES ELECTRICOS EDIFICIO DE LA DIAN -FLORENCIA
A2: Realizar a Precios Unitarios Fijos las Obras de Adecuación y Mantenimiento de las Instalaciones Eléctricas, Cableado Estructurado y Sistema de Detección y Alarma contra Incendios de la Seccional Florencia.
A3: ITEM | B3: DESCRIPCION | C3: UNIDAD | D3: CANTIDAD | E3: UNITARIO | F3: TOTAL | G3: CANTIDADES DE OBRA ACTUALIZADAS | H3: V. TOTAL MAYORES CANTIDADES DE ORA E IMPREVISTOS | I3: CANTIDAD | J3: V. TOTAL CANTIDADES DE OBRA ACTUALIZADAS
A4: 1 | B4: RED ELÉCTRICA
A5: 1.1 | B5: EQUIPO DE MEDIDA DE OS ELEMENTOS EXISTENTE
A6: 1.1.1 | B6: DESCONEXION Y DESMONTE DEL EQUIPO DE MEDIDA DE DOS ELEMENTOS, EN MEDIA TENSIÓN , EXISTENTE (DOS TRANFORMADORES DE POTECIAL Y DOS TRANFORMADORES DE CORRIENTE) INCLUYE MANO DE OBRA, HERRAMIENTAS Y MANIOBRAS DE CORTE Y RECONEXIÓN DE LA ENERGIA ELECTRICA. | C6: Und | D6: 1 | E6: 620000 | F6: =+E6*D6 -> 620000 | H6: =+G6*E6 -> 0 | I6: =+D6 -> 1 | J6: =+I6*E6 -> 620000
A7: 1.1.2 | B7: TRANSFORMADOR DE CORRIENTE, CT 15 KV, USO INTERIOR | C7: Und | D7: 3 | E7: 2528050 | F7: =+E7*D7 -> 7584150 | H7: =+G7*E7 -> 0 | I7: =+D7 -> 3 | J7: =+I7*E7 -> 7584150 | K7: 3
A8: 1.1.3 | B8: TRANSFORMADOR DE DE VOLTAJE, PT 13,2 KV /120, USO INTERIOR, , | C8: Und | D8: 3 | E8: 2528050 | F8: =+E8*D8 -> 7584150 | H8: =+G8*E8 -> 0 | I8: =+D8 -> 3 | J8: =+I8*E8 -> 7584150 | K8: 3
A9: 1.1.4 | B9: MANTENIMIENTO A TABLEROS DE DISTRIBUCION DE BAJA TENSION AUTOSOPORTADOS, INCLUYE LIMPIEZA GENERAL, AJUSTE DE CONEXIONES, ARREGLO O REPOSICIÓN DE CHAPA Y CLIPS DE TAPAS LATERALES, CONEXIÓN DE LA ESTRUCTURA Y PUERTAS A BARRAJE DE TIERRAS, Y MANO DE OBRA E INSUMOS. | C9: Und | D9: 1 | E9: 620000 | F9: =+E9*D9 -> 620000 | H9: =+G9*E9 -> 0 | I9: =+D9 -> 1 | J9: =+I9*E9 -> 620000
A10: 2 | B10: RED CONTRA INCENDIOS
A11: 2,01 | B11: CAJA DE PLASTICA 15X15 | C11: un | D11: 1 | E11: 46500 | F11: =+E11*D11 -> 46500 | H11: =+G11*E11 -> 0 | I11: =+D11+G11 -> 1 | J11: =+I11*E11 -> 46500 | K11: =+I11 -> 1
A12: 2,02 | B12: CAJA DE PASO 10X10 Y/O OCTAGONAL METALICA CALIBRE 20 | C12: und | D12: 3 | E12: 9300 | F12: =+E12*D12 -> 27900 | G12: 26 | H12: =+G12*E12 -> 241800 | I12: =+D12+G12 -> 29 | J12: =+I12*E12 -> 269700 | K12: =+I12 -> 29
A13: 2,03 | B13: DETECTOR FOTOELÉCTRICO DE HUMO CONVENCIONAL DE 4 HILOS. INCLUYE BASE | C13: un | D13: 5 | E13: 193750 | F13: =+E13*D13 -> 968750 | G13: =10+1+4+2+1+3+1+3+2+1+1-5 -> 24 | H13: =+G13*E13 -> 4650000 | I13: =+D13+G13 -> 29 | J13: =+I13*E13 -> 5618750
A14: 2,04 | B14: ESTACION MANUAL DE EMERGENCIA, DOBLE ACCION, CONVENCIONAL, CON MENSAJE EN ESPAÑOL | C14: un | D14: 3 | E14: 271250 | F14: =+E14*D14 -> 813750 | H14: =+G14*E14 -> 0 | I14: =+D14+G14 -> 3 | J14: =+I14*E14 -> 813750
A15: 2,05 | B15: MODULO EXPANSOR 8 ZONAS | C15: un | D15: 1 | E15: 1550000 | F15: =+E15*D15 -> 1550000 | H15: =+G15*E15 -> 0 | I15: =+D15+G15 -> 1 | J15: =+I15*E15 -> 1550000
A16: 2,06 | B16: TRANSFORMADOR 16.5V 40AMP | C16: un | D16: 1 | E16: 2325000 | F16: =+E16*D16 -> 2325000 | H16: =+G16*E16 -> 0 | I16: =+D16+G16 -> 1 | J16: =+I16*E16 -> 2325000
A17: 2,07 | B17: FUENTE DE ALIMENTACION 1.5A CONTINUO | C17: und | D17: 1 | E17: 1937500 | F17: =+E17*D17 -> 1937500 | H17: =+G17*E17 -> 0 | I17: =+D17+G17 -> 1 | J17: =+I17*E17 -> 1937500
A18: 2,08 | B18: CAJA METALICA 28 X 28 X 7.6CM | C18: un | D18: 1 | E18: 69750 | F18: =+E18*D18 -> 69750 | H18: =+G18*E18 -> 0 | I18: =+D18+G18 -> 1 | J18: =+I18*E18 -> 69750
A19: 2,09 | B19: BATERIA 12V 4AH | C19: un | D19: 1 | E19: 93000 | F19: =+E19*D19 -> 93000 | H19: =+G19*E19 -> 0 | I19: =+D19+G19 -> 1 | J19: =+I19*E19 -> 93000
A20: 2,10 | B20: CABLE 18 AWG, 4 CONDUCTORES, SIN BLINDAR, DE COLOR ROJO | C20: ml | D20: 750 | E20: 6200 | F20: =+E20*D20 -> 4650000 | G20: =12+20+5+35+4+16.5+6+6+6+35+30+60+20+35+20+87 -> 397.5 | H20: =+G20*E20 -> 2464500 | I20: =+D20+G20 -> 1147.5 | J20: =+I20*E20 -> 7114500
A21: 2,11 | B21: CLAVIJA DE SEGURIDAD 15A | C21: un | D21: 1 | E21: 38750 | F21: =+E21*D21 -> 38750 | H21: =+G21*E21 -> 0 | I21: =+D21+G21 -> 1 | J21: =+I21*E21 -> 38750
A22: 2,12 | B22: CANALETA PLASTICA 20X10 | C22: ml | D22: 60 | E22: 9300 | F22: =+E22*D22 -> 558000 | H22: =+G22*E22 -> 0 | I22: =+D22+G22 -> 60 | J22: =+I22*E22 -> 558000
B23: Total RED CONTRA INCENDIOS | F23: =SUM(F10:F22) -> 13078900 | H23: =SUM(H10:H22) -> 7356300 | J23: =SUM(J10:J22) -> 20435200
A24: 3,01 | B24: MANTENIMIENTO DEL CENTRO DE CABLEADO. INCLUYE REORGANIZACIÓN, PEINADO DE CABLES, MARQUILLADO, ORGANIZADORES DE CABLES, CINTA VELCRO Y TODO LO NECESARIO PARA SU ORGANIZACION. | C24: un | D24: 1 | E24: 2325000 | F24: =+E24*D24 -> 2325000 | H24: =+G24*E24 -> 0 | I24: =+D24+G24 -> 1 | J24: =+I24*E24 -> 2325000
A25: 3,02 | B25: DESMONTE DE PUNTO DE CABLEADO ESTRUCTURADO EXISTENTE. INCLUYE PUNTO LÓGICO, TOMA REGULADA, TOMA NORMAL, CABLEADO, CANALETA Y DEMÁS ELEMENTOS | C25: un | D25: 40 | E25: =2712500/40 -> 67812.5 | F25: =+E25*D25 -> 2712500 | G25: 5 | H25: =+G25*E25 -> 339062.5 | I25: =+D25+G25 -> 45 | J25: =+I25*E25 -> 3051562.5
A26: 3,03 | B26: SUMINISTRO E INSTALACIÓN DE PUNTO LOGICO SENCILLO DE CABLEADO ESTRUCTURADO CAT. 6A, DESDE EL RACK, INCLUYE CERTIFICACIÓN, RED REGULADA Y NO REGULADA SEGUN ESPECIFICACIONES TÉCNICAS ANEXAS FLORENCIA | C26: M | D26: 30 | E26: =7750000/30 -> 258333.33 | F26: =+E26*D26 -> 7750000 | G26: 15 | H26: =+G26*E26 -> 3875000 | I26: 1100 | J26: =+I26*E26 -> 2.8416667e+08
A27: 3,04 | B27: SUMINISTRO E INSTALACIÓN DE PUNTO LOGICO DOBLE DE CABLEADO ESTRUCTURADO CAT. 6A, DESDE EL RACK, INCLUYE CERTIFICACIÓN, RED REGULADA Y NO REGULADA SEGUN ESPECIFICACIONESTÉCNICAS ANEXAS FLORENCIA | C27: un | D27: 4 | E27: =7750000/4 -> 1937500 | F27: =+E27*D27 -> 7750000 | H27: =+G27*E27 -> 0 | I27: =+D27+G27 -> 4 | J27: =+I27*E27 -> 7750000
A28: Realizar a Precios Unitarios Fijos las Obras de Adecuación y Mantenimiento de las Instalaciones Eléctricas, Cableado Estructurado y Sistema de Detección y Alarma contra Incendios de la Seccional Florencia.
A29: ITEM | B29: DESCRIPCION | C29: UNIDAD | D29: CANTIDAD | E29: UNITARIO | F29: TOTAL
A30: 3,05 | B30: SUMINISTRO E INSTALACIÓN DE PUNTO LOGICO SENCILLO DE CABLEADO ESTRUCTURADO PARA IMPRESORA CAT. 6A, DESDE EL RACK, INCLUYE CERTIFICACIÓN, RED NO REGULADA SEGUN ESPECIFICACIONES TÉCNICAS ANEXAS FLORENCIA | C30: un | D30: 4 | E30: =6975000/D30 -> 1743750 | F30: =+E30*D30 -> 6975000 | H30: =+G30*E30 -> 0 | I30: =+D30+G30 -> 4 | J30: =+I30*E30 -> 6975000
A31: 1 | B31: CABLE UTP CATAGORIA 6A. PANDUIT FACTOR REDUCIDO | C31: m | E31: 4100 | G31: 1200 | H31: =+G31*E31 -> 4920000 | I31: 1100 | J31: =+I31*E31 -> 4510000
A32: 2 | B32: CANALETA METALICA DE 12X5 CM | C32: m | E32: =126900/2.4+15862 -> 68737 | G32: =2.4+4+4+8+1.5 -> 19.9 | H32: =+G32*E32 -> 1367866.3 | I32: =+D32+G32 -> 19.9 | J32: =+I32*E32 -> 1367866.3
A33: 3 | B33: ORGANIZADOR PARA RACK -HORIZONTAL | C33: un | E33: =87900*1.3 -> 114270 | G33: 4 | H33: =+G33*E33 -> 457080 | I33: =+D33+G33 -> 4 | J33: =+I33*E33 -> 457080
A34: NP-09 | B34: REUBICACION DE DETECTOR DE HUMO | C34: un | E34: =193750*40% -> 77500 | G34: 2 | H34: =+G34*E34 -> 155000 | I34: =+D34+G34 -> 2 | J34: =+I34*E34 -> 155000
A35: NP-11 | B35: ASEO GENERAL DE OBRA | C35: un | E35: 650000 | G35: 1 | H35: =+G35*E35 -> 650000 | I35: =+D35+G35 -> 1 | J35: =+I35*E35 -> 650000
H36: =+G36*E36 -> 0
A37: CABLE ESTRUCTURADO | F37: =+F24+F25+F26+F27+F30 -> 27512500 | H37: =SUM(H24:H36) -> 11764009 | J37: =SUM(J24:J35) -> 3.1140818e+08
A38: COSTO DIRECTO | F38: =+F37+F23+#REF! -> #REF! | H38: =+H37+H23+#REF! -> #REF! | J38: =+J37+J23+#REF! -> #REF!
A39: ADMINISTRACION | F39: =+F38*29% -> #REF! | H39: =+H38*29% -> #REF! | J39: =+J38*29% -> #REF!
A40: IMPREVISTOS | F40: =+F38*1% -> #REF! | H40: =+H38*1% -> #REF! | J40: =+J38*1% -> #REF!
A41: UTILIDAD | F41: =+F38*5% -> #REF! | H41: =+H38*5% -> #REF! | J41: =+J38*5% -> #REF!
A42: IVA SOBRE UTILIDAD | F42: =+F41*19% -> #REF! | H42: =+H41*19% -> #REF! | J42: =+J41*19% -> #REF!
A43: COSTO TOTAL DE LA OBRA | F43: =+F38+F39+F40+F41+F42 -> #REF! | H43: =+H38+H39+H40+H41+H42 -> #REF! | J43: =+J38+J39+J40+J41+J42 -> #REF!
A47: 4 | B47: FACE PLATE SENCILLO | C47: UND | I47: 35
A48: 4 | B48: FACE PLATE DOBLE | C48: UND | I48: 4
A49: 5 | B49: JACK NEGRO | C49: UND | I49: =35+8 -> 43
A50: 6 | B50: JACK AZUL | C50: UND | I50: =35+8 -> 43
A51: 7 | B51: AUTODESFORRE AMARILLO | C51: UND | I51: 50
A52: 8 | B52: TORNILLO AUTOPERFORANTE DE TAPADO DE CANALETA | C52: UND | I52: 100
A53: 9 | B53: TORNILLO AUTOPERFORANTE DE TAPADO CABEZA DE LENTEJA | C53: UND | I53: 100
A54: 10 | B54: TERMO ENCOGIBLE PARA CABLE No 14 NEGRO | C54: M | I54: 3
A55: 11 | B55: CHAZO PUNTILLA DE 1/4X1-1/4" | C55: UND | I55: 100
A56: 12 | B56: CINTA AISLANTE NEGRA | C56: ROLLO | I56: 3
A57: 13 | B57: CINTA AISLANTE DE COLORES | C57: ROLLO | I57: 3
A58: 14 | B58: CAJA TIPO RAWEL 5800 CON SALIDA PARA 1/2" | C58: UND | I58: 15
A59: 15 | B59: VELCRO PANDUIT | C59: ROLLO | I59: 2
A60: 16 | B60: TROQUEL DOBLE 12X5 SALIDA ELECTRICA Y SALIDA LOGICA | C60: UND | I60: 30
A61: 17 | B61: TROQUEL SENCILLO 12X5 | C61: UND | I61: 4
A62: 18 | B62: TORNILLO CON TUERCA PARA TROQUEL | C62: UND | I62: 10
A63: 19 | B63: PROBADOR DE CABLES DE RED RJ45 Y RJ 11 | C63: UND | I63: 1
A65: Cordialmente,
A66: VEGA INGENIERIA Y CONSTRUCCION S.A.S NIT. 900.811.229-4 ING. JOSE FERNANDO VEGA PAVA C.C. 74.271.014 DE TASCO REPRESENTANTE LEGAL Teléfono: 3104840252-3219973260

Sheet MAYORES
A1: ANEXO No. 2 PRECIOS UNITARIOS DE REFERENCIA PROCESO IMC-28-008-2024
A2: Realizar a Precios Unitarios Fijos las Obras de Adecuación y Mantenimiento de las Instalaciones Eléctricas, Cableado Estructurado y Sistema de Detección y Alarma contra Incendios de la Seccional Florencia.
A3: ITEM | B3: DESCRIPCION | C3: UNIDAD | D3: CANTIDAD INICIAL | E3: UNITARIO | F3: TOTAL | G3: CANTIDADES DE OBRA ACTUALIZADAS | H3: V. TOTAL MAYORES CANTIDADES DE ORA E IMPREVISTOS | I3: CANTIDADES TOTALES DE OBRA ACTUALIZADAS | J3: V. TOTAL CANTIDADES DE OBRA ACTUALIZADAS
A4: 1 | B4: RED ELÉCTRICA
A5: 1.1 | B5: EQUIPO DE MEDIDA DE OS ELEMENTOS EXISTENTE
A6: 1.1.1 | B6: DESCONEXION Y DESMONTE DEL EQUIPO DE MEDIDA DE DOS ELEMENTOS, EN MEDIA TENSIÓN , EXISTENTE (DOS TRANFORMADORES DE POTECIAL Y DOS TRANFORMADORES DE CORRIENTE) INCLUYE MANO DE OBRA, HERRAMIENTAS Y MANIOBRAS DE CORTE Y RECONEXIÓN DE LA ENERGIA ELECTRICA. | C6: Und | D6: 1 | E6: 620000 | F6: =+E6*D6 -> 620000 | H6: =+G6*E6 -> 0 | I6: =+D6 -> 1 | J6: =+I6*E6 -> 620000
A7: 1.1.2 | B7: SUMINSTRO E INSTALACION DE TRANSFORMADOR DE CORRIENTE, CT 15 KV, USO INTERIOR , INCLUYE MANO DE OBRA, HERRAMIENTA. | C7: Und | D7: 3 | E7: 2528050 | F7: =+E7*D7 -> 7584150 | H7: =+G7*E7 -> 0 | I7: =+D7 -> 3 | J7: =+I7*E7 -> 7584150
A8: 1.1.3 | B8: SUMINSTRO E INSTALACION DE TRANSFORMADOR DE DE VOLTAJE, PT 13,2 KV /120, USO INTERIOR, , INCLUYE MANO DE OBRA, HERRAMIENTAS. | C8: Und | D8: 3 | E8: 2528050 | F8: =+E8*D8 -> 7584150 | H8: =+G8*E8 -> 0 | I8: =+D8 -> 3 | J8: =+I8*E8 -> 7584150
A9: 1.1.4 | B9: MANTENIMIENTO A TABLEROS DE DISTRIBUCION DE BAJA TENSION AUTOSOPORTADOS, INCLUYE LIMPIEZA GENERAL, AJUSTE DE CONEXIONES, ARREGLO O REPOSICIÓN DE CHAPA Y CLIPS DE TAPAS LATERALES, CONEXIÓN DE LA ESTRUCTURA Y PUERTAS A BARRAJE DE TIERRAS, Y MANO DE OBRA E INSUMOS. | C9: Und | D9: 1 | E9: 620000 | F9: =+E9*D9 -> 620000 | H9: =+G9*E9 -> 0 | I9: =+D9 -> 1 | J9: =+I9*E9 -> 620000
B10: Total RED ELÉCTRICA | F10: =SUM(F6:F9) -> 16408300 | H10: =SUM(H6:H9) -> 0 | J10: =SUM(J6:J9) -> 16408300
A11: 2 | B11: RED CONTRA INCENDIOS
A12: 2,01 | B12: CAJA DE PLASTICA 15X15 | C12: Und | D12: 1 | E12: 46500 | F12: =+E12*D12 -> 46500 | H12: =+G12*E12 -> 0 | I12: =+D12+G12 -> 1 | J12: =+I12*E12 -> 46500
A13: 2,02 | B13: CAJA DE PASO 10X10 | C13: und | D13: 3 | E13: 9300 | F13: =+E13*D13 -> 27900 | G13: 32 | H13: =+G13*E13 -> 297600 | I13: 35 | J13: =+I13*E13 -> 325500
A14: 2,03 | B14: DETECTOR FOTOELÉCTRICO DE HUMO CONVENCIONAL DE 4 HILOS. INCLUYE BASE | C14: Und | D14: 5 | E14: 193750 | F14: =+E14*D14 -> 968750 | G14: 25 | H14: =+G14*E14 -> 4843750 | I14: 30 | J14: =+I14*E14 -> 5812500
A15: 2,04 | B15: ESTACION MANUAL DE EMERGENCIA, DOBLE ACCION, CONVENCIONAL, CON MENSAJE EN ESPAÑOL | C15: Und | D15: 3 | E15: 271250 | F15: =+E15*D15 -> 813750 | H15: =+G15*E15 -> 0 | I15: =+D15+G15 -> 3 | J15: =+I15*E15 -> 813750
A16: 2,05 | B16: MODULO EXPANSOR 8 ZONAS | C16: Und | D16: 1 | E16: 1550000 | F16: =+E16*D16 -> 1550000 | H16: =+G16*E16 -> 0 | I16: =+D16+G16 -> 1 | J16: =+I16*E16 -> 1550000
A17: 2,06 | B17: TRANSFORMADOR 16.5V 40AMP | C17: Und | D17: 1 | E17: 2325000 | F17: =+E17*D17 -> 2325000 | H17: =+G17*E17 -> 0 | I17: =+D17+G17 -> 1 | J17: =+I17*E17 -> 2325000
A18: 2,07 | B18: FUENTE DE ALIMENTACION 1.5A CONTINUO | C18: Und | D18: 1 | E18: 1937500 | F18: =+E18*D18 -> 1937500 | H18: =+G18*E18 -> 0 | I18: =+D18+G18 -> 1 | J18: =+I18*E18 -> 1937500
A19: 2,08 | B19: CAJA METALICA 28 X 28 X 7.6CM | C19: Und | D19: 1 | E19: 69750 | F19: =+E19*D19 -> 69750 | H19: =+G19*E19 -> 0 | I19: =+D19+G19 -> 1 | J19: =+I19*E19 -> 69750
A20: 2,09 | B20: BATERIA 12V 4AH | C20: Und | D20: 1 | E20: 93000 | F20: =+E20*D20 -> 93000 | H20: =+G20*E20 -> 0 | I20: =+D20+G20 -> 1 | J20: =+I20*E20 -> 93000
A21: 2,10 | B21: CABLE 18 AWG, 4 CONDUCTORES, SIN BLINDAR, DE COLOR ROJO | C21: M | D21: 750 | E21: 6200 | F21: =+E21*D21 -> 4650000 | G21: =12+20+5+35+4+16.5+6+6+6+35+30+60+20+35+20+87 -> 397.5 | H21: =+G21*E21 -> 2464500 | I21: =+D21+G21 -> 1147.5 | J21: =+I21*E21 -> 7114500
A22: 2,11 | B22: CLAVIJA DE SEGURIDAD 15A | C22: Und | D22: 1 | E22: 38750 | F22: =+E22*D22 -> 38750 | H22: =+G22*E22 -> 0 | I22: =+D22+G22 -> 1 | J22: =+I22*E22 -> 38750
A23: 2,12 | B23: CANALETA PLASTICA 20X10 | C23: M | D23: 60 | E23: 9300 | F23: =+E23*D23 -> 558000 | H23: =+G23*E23 -> 0 | I23: =+D23+G23 -> 60 | J23: =+I23*E23 -> 558000
B24: Total RED CONTRA INCENDIOS | F24: =SUM(F11:F23) -> 13078900 | H24: =SUM(H11:H23) -> 7605850 | J24: =SUM(J11:J23) -> 20684750
A25: 3 | B25: CABLEADO ESTRUCTURADO | H25: =+G25*E25 -> 0 | J25: =+I25*E25 -> 0
A26: 3,01 | B26: MANTENIMIENTO DEL CENTRO DE CABLEADO. INCLUYE REORGANIZACIÓN, PEINADO DE CABLES, MARQUILLADO, ORGANIZADORES DE CABLES, CINTA VELCRO Y TODO LO NECESARIO PARA SU ORGANIZACION. | C26: Und | D26: 1 | E26: 2325000 | F26: =+E26*D26 -> 2325000 | H26: =+G26*E26 -> 0 | I26: =+D26+G26 -> 1 | J26: =+I26*E26 -> 2325000
A27: 3,02 | B27: DESMONTE DE PUNTO DE CABLEADO ESTRUCTURADO EXISTENTE. INCLUYE PUNTO LÓGICO, TOMA REGULADA, TOMA NORMAL, CABLEADO, CANALETA Y DEMÁS ELEMENTOS | C27: Und | D27: 40 | E27: =2712500/40 -> 67812.5 | F27: =+E27*D27 -> 2712500 | H27: =+G27*E27 -> 0 | I27: 40 | J27: =+I27*E27 -> 2712500
A28: 3,03 | B28: SUMINISTRO E INSTALACIÓN DE PUNTO LOGICO SENCILLO DE CABLEADO ESTRUCTURADO CAT. 6A, DESDE EL RACK, INCLUYE CERTIFICACIÓN, RED REGULADA Y NO REGULADA SEGUN ESPECIFICACIONES TÉCNICAS ANEXAS FLORENCIA | C28: Und | D28: 30 | E28: =7750000/30 -> 258333.33 | F28: =+E28*D28 -> 7750000 | G28: 5 | H28: =+G28*E28 -> 1291666.7 | I28: 35 | J28: =+I28*E28 -> 9041666.7
A29: 3,04 | B29: SUMINISTRO E INSTALACIÓN DE PUNTO LOGICO DOBLE DE CABLEADO ESTRUCTURADO CAT. 6A, DESDE EL RACK, INCLUYE CERTIFICACIÓN, RED REGULADA Y NO REGULADA SEGUN ESPECIFICACIONESTÉCNICAS ANEXAS FLORENCIA | C29: Und | D29: 4 | E29: =7750000/4 -> 1937500 | F29: =+E29*D29 -> 7750000 | H29: =+G29*E29 -> 0 | I29: =+D29+G29 -> 4 | J29: =+I29*E29 -> 7750000 | K29: =+H29-J29 -> -7750000
A30: Realizar a Precios Unitarios Fijos las Obras de Adecuación y Mantenimiento de las Instalaciones Eléctricas, Cableado Estructurado y Sistema de Detección y Alarma contra Incendios de la Seccional Florencia.
A31: ITEM | B31: DESCRIPCION | C31: UNIDAD | D31: CANTIDAD | E31: UNITARIO | F31: TOTAL
A32: 3,05 | B32: SUMINISTRO E INSTALACIÓN DE PUNTO LOGICO SENCILLO DE CABLEADO ESTRUCTURADO PARA IMPRESORA CAT. 6A, DESDE EL RACK, INCLUYE CERTIFICACIÓN, RED NO REGULADA SEGUN ESPECIFICACIONES TÉCNICAS ANEXAS FLORENCIA | C32: Und | D32: 4 | E32: =6975000/D32 -> 1743750 | F32: =+E32*D32 -> 6975000 | G32: 1 | H32: =+G32*E32 -> 1743750 | I32: 5 | J32: =+I32*E32 -> 8718750 | K32: =+H32-J32 -> -6975000
A33: NP-01 | B33: SUMINISTRO E INSTALCIÓN DE CABLE UTP CATAGORIA 6A. | C33: M | E33: 4100 | G33: 1200 | H33: =+G33*E33 -> 4920000 | I33: =+D33+G33 -> 1200 | J33: =+I33*E33 -> 4920000 | K33: =+H33-J33 -> 0
A34: NP-02 | B34: DESMONTE DE CIELORASO EXISTENTE EN DRYWALL . INCLUYE RETIRO DE SOBRANTES A SITIOS AUTORIZADOS | C34: M | E34: 22500 | G34: =3.9+3.1+2.5 -> 9.5 | H34: =+G34*E34 -> 213750 | I34: =+D34+G34 -> 9.5 | J34: =+I34*E34 -> 213750 | K34: =+H34-J34 -> 0
A35: NP-03 | B35: SUMINISTRO DE CIELORASO EN DRYWALL, INCLUYE , ESTRUCTURA, TORNILLERIA, CINTA, MASILLA Y PINTURA DE ACABADO | C35: M | E35: 85500 | G35: =3.9+3.1+2.5 -> 9.5 | H35: =+G35*E35 -> 812250 | I35: =+D35+G35 -> 9.5 | J35: =+I35*E35 -> 812250 | K35: =+H35-J35 -> 0
A36: NP-04 | B36: DESMONTE Y MONTE DE CIELORASO EXISTENTE DE 60X60 CM | C36: M | E36: 17500 | G36: 4.5 | H36: =+G36*E36 -> 78750 | I36: =+D36+G36 -> 4.5 | J36: =+I36*E36 -> 78750 | K36: =+H36-J36 -> 0
A37: NP-05 | B37: SUMNISTRO E INSTALACION DE CANALETA METALICA DE 12X5 CM | C37: M | E37: =126900/2.4+15862 -> 68737 | G37: =2.4+4+4+8+1.5 -> 19.9 | H37: =+G37*E37 -> 1367866.3 | I37: =+D37+G37 -> 19.9 | J37: =+I37*E37 -> 1367866.3 | K37: =+H37-J37 -> 0
A38: NP-06 | B38: CONFIGURACION DE TARJETA DE RED CONTRAINCENDIO | C38: Und | E38: 450000 | G38: 1 | H38: =+G38*E38 -> 450000 | I38: =+D38+G38 -> 1 | J38: =+I38*E38 -> 450000 | K38: =+H38-J38 -> 0
A39: NP-07 | B39: SUMINISTRO E INSTLACION DE TUBERIA EMT DE 1/2". INCLUYE, CURVAS, TERMINALES, CHAZOS Y ABRAZARAS Y DEMAS ELEMENTOS NECESARIOS. | C39: M | E39: =16700+1640+5500 -> 23840 | G39: 196 | H39: =+G39*E39 -> 4672640 | I39: 196 | J39: =+I39*E39 -> 4672640 | K39: =+H39-J39 -> 0
A40: NP-08 | B40: REUBICACION DE PUNTOS DE DETECTOR DE HUMO. INCLUYE DESMONTE DE PARATO, DESMONTE DE CABLEADO, UBICACIÓN FINAL DEL SENSOR Y COLOCACION DE APARATO NUEVAMENTE | C40: Und | E40: =193750*40% -> 77500 | G40: 2 | H40: =+G40*E40 -> 155000 | I40: =+D40+G40 -> 2 | J40: =+I40*E40 -> 155000 | K40: =+H40-J40 -> 0
A41: NP-09 | B41: SUMINISTRO Y APLICACIÓN DE PINTURA VINILO TIPO 1 DOS APLICACIONES SOBRE SUPERFICIES DEL MISMO COLOR | C41: M2 | E41: 20500 | G41: 147 | H41: =+G41*E41 -> 3013500 | I41: =122+25 -> 147 | J41: =+I41*E41 -> 3013500 | K41: =+H41-J41 -> 0
H42: =+G42*E42 -> 0
A43: CABLE ESTRUCTURADO | F43: =+F26+F27+F28+F29+F32 -> 27512500 | H43: =SUM(H26:H42) -> 18719173 | J43: =SUM(J26:J41) -> 46231673
A44: COSTO DIRECTO | F44: =+F43+F24+F10 -> 56999700 | H44: =+H43+H24+H10 -> 26325023 | J44: =+J43+J24+J10 -> 83324723
A45: ADMINISTRACION | F45: =+F44*29% -> 16529913 | H45: =+H44*29% -> 7634256.7 | I45: 0.29 | J45: =+J44*29% -> 24164170
A46: IMPREVISTOS | F46: =+F44*1% -> 569997 | H46: =+H44*1% -> 263250.23 | I46: 0.01 | J46: =+J44*1% -> 833247.23
A47: UTILIDAD | F47: =+F44*5% -> 2849985 | H47: =+H44*5% -> 1316251.1 | I47: 0.05 | J47: =+J44*5% -> 4166236.1
A48: IVA SOBRE UTILIDAD | F48: =+F47*19% -> 541497.15 | H48: =+H47*19% -> 250087.72 | I48: 0.19 | J48: =+J47*19% -> 791584.87
A49: COSTO TOTAL DE LA OBRA | F49: =+F44+F45+F46+F47+F48 -> 77491092 | H49: =+H44+H45+H46+H47+H48 -> 35788869 | J49: =+J44+J45+J46+J47+J48 -> 1.1327996e+08
A50: En constancia, se firma en Bogotá, D.C., a los 18 dias del mes de noviembre de 2024
A51: VEGA INGENIERIA Y CONSTRUCCION S.A.S NIT. 900.811.229-4 ING. JOSE FERNANDO VEGA PAVA C.C. 74.271.014 DE TASCO REPRESENTANTE LEGAL CARRERA 136 A # 151-02 Teléfono: 3219973260-6963224

Sheet ITEM 1.1.1
A1: ANALISIS DE PRECIOS UNITARIOS
F3: FECHA: | G3: =+TODAY() -> 45621
A4: OBRA | B4: REALIZAR A PRECIOS UNITARIOS FIJOS LAS OBRAS DE ADECUACIÓN Y MANTENIMIENTO DE LAS INSTALACIONES ELÉCTRICAS, CABLEADO ESTRUCTURADO Y SISTEMA DE DETECCIÓN Y ALARMA CONTRA INCENDIOS DE LA SECCIONAL FLORENCIA.
A5: ITEM | B5: 1.1.1 | C5: =+'PRESUPUESTO FINAL '!B6 -> DESCONEXION Y DESMONTE DEL EQUIPO DE MEDIDA DE DOS ELEMENTOS, EN MEDIA TENSIÓN , EXISTENTE (DOS TRANFORMADORES DE POTECIAL Y DOS TRANFORMADORES DE CORRIENTE) INCLUYE MANO DE OBRA, HERRAMIENTAS Y MANIOBRAS DE CORTE Y RECONEXIÓN DE LA ENERGIA ELECTRICA.
A7: 1.- EQUIPO
A8: DESCRIPCION | C8: UNIDAD | D8: TARIFA /UNIDAD | E8: RENDIMIENTO | F8: VALOR UNIT. | G8: UNIDAD
G9: =+'PRESUPUESTO FINAL '!C6 -> Und
A10: HERRAMIENTA MENOR | F10: 4500
F15: SUB-TOTAL | G15: =SUM(F10:F14) -> 4500
A16: 2.- MATERIALES
A17: DESCRIPCION | C17: UNIDAD | D17: PRECIO UNIT. | E17: CANTIDAD | F17: VALOR UNIT.
F23: SUB-TOTAL | G23: =SUM(F18:F22) -> 0
A25: 3.- TRANSPORTES
A26: MATERIAL | B26: VOL O PESO | C26: UNIDAD | D26: M3 O TON./KM | E26: TARIFA | F26: VALOR UNIT.
F29: SUB-TOTAL | G29: =+SUM(F27:F28) -> 0
A30: 4.- MANO DE OBRA
A31: TRABAJADOR | B31: JORNAL | C31: PRESTACION | D31: JORNAL TOTAL | E31: RENDIMIENTO | F31: VALOR UNIT.
A32: MANO DE OBRA FF INSTALACIONES ELECTRICAS INTERNAS | B32: =110000+70000 -> 180000 | C32: 1.6 | D32: =+C32*B32 -> 288000 | E32: 2.1371528 | F32: =+D32*E32 -> 615500
F33: SUB-TOTAL | G33: =+SUM(F32:F32) -> 615500
A34: 5. OTROS
A35: DESCRIPCION | C35: UNIDAD | D35: PRECIO UNIT. | E35: CANTIDAD | F35: VALOR UNIT.
F39: SUB-TOTAL | G39: =SUM(F36:F38) -> 0
D41: TOTAL COSTO DIRECTO | G41: =+ROUND(SUM(G39+G33+G29+G23+G15),0) -> 620000
A42: 6. COSTOS INDIRECTOS
A43: DESCRIPCION | C43: PORCENTAJE | E43: VALOR TOTAL
A44: ADMINISTRACION | D44: 0.29 | F44: =D44*G41 -> 179800
A45: IMPREVISTOS | D45: 0.01 | F45: =+G41*D45 -> 6200
A46: UTILIDAD | D46: 0.05 | F46: =+G41*D46 -> 31000
A47: UTILIDAD SOBRE UTILIDAD | D47: 0.19 | F47: =+F46*D47 -> 5890
F48: SUB-TOTAL | G48: =+F44+F45+F46+F47 -> 222890
F51: PRECIO UNITARIO TOTAL | G51: =ROUND(G48+G41,0) -> 842890
A55: ELABORO
A56: ING. WILLIAN ESPINEL
A57: M.P 25202-359266

Sheet ITEM 1.1.2
A1: ANALISIS DE PRECIOS UNITARIOS
F3: FECHA: | G3: =+TODAY() -> 45621
A4: OBRA | B4: REALIZAR A PRECIOS UNITARIOS FIJOS LAS OBRAS DE ADECUACIÓN Y MANTENIMIENTO DE LAS INSTALACIONES ELÉCTRICAS, CABLEADO ESTRUCTURADO Y SISTEMA DE DETECCIÓN Y ALARMA CONTRA INCENDIOS DE LA SECCIONAL FLORENCIA.
A5: ITEM | B5: 1.1.2 | C5: =+'PRESUPUESTO FINAL '!B7 -> SUMINSTRO E INSTALACION DE TRANSFORMADOR DE CORRIENTE, CT 15 KV, USO INTERIOR , INCLUYE MANO DE OBRA, HERRAMIENTA.
A7: 1.- EQUIPO
A8: DESCRIPCION | C8: UNIDAD | D8: TARIFA /UNIDAD | E8: RENDIMIENTO | F8: VALOR UNIT. | G8: UNIDAD
G9: =+'PRESUPUESTO FINAL '!C7 -> Und
A10: HERRAMIENTA MENOR | F10: 8500
F15: SUB-TOTAL | G15: =SUM(F10:F14) -> 8500
A16: 2.- MATERIALES
A17: DESCRIPCION | C17: UNIDAD | D17: PRECIO UNIT. | E17: CANTIDAD | F17: VALOR UNIT.
A18: TRANSFORMADOR DE CORRIENTE CT 15 KV , USO INTERIOS | C18: UND | D18: 1785000 | E18: 1 | F18: =+D18*E18 -> 1785000
F23: SUB-TOTAL | G23: =SUM(F18:F22) -> 1785000
A25: 3.- TRANSPORTES
A26: MATERIAL | B26: VOL O PESO | C26: UNIDAD | D26: M3 O TON./KM | E26: TARIFA | F26: VALOR UNIT.
F29: SUB-TOTAL | G29: =+SUM(F27:F28) -> 0
A30: 4.- MANO DE OBRA
A31: TRABAJADOR | B31: JORNAL | C31: PRESTACION | D31: JORNAL TOTAL | E31: RENDIMIENTO | F31: VALOR UNIT.
A32: MANO DE OBRA FF INSTALACIONES ELECTRICAS INTERNAS | B32: =110000+70000 -> 180000 | C32: 1.6 | D32: =+C32*B32 -> 288000 | E32: 2.5505208 | F32: =+D32*E32 -> 734550
F33: SUB-TOTAL | G33: =+SUM(F32:F32) -> 734550
A34: 5. OTROS
A35: DESCRIPCION | C35: UNIDAD | D35: PRECIO UNIT. | E35: CANTIDAD | F35: VALOR UNIT.
F39: SUB-TOTAL | G39: =SUM(F36:F38) -> 0
D41: TOTAL COSTO DIRECTO | G41: =+ROUND(SUM(G39+G33+G29+G23+G15),0) -> 2528050
A42: 6. COSTOS INDIRECTOS
A43: DESCRIPCION | C43: PORCENTAJE | E43: VALOR TOTAL
A44: ADMINISTRACION | D44: 0.29 | F44: =D44*G41 -> 733134.5
A45: IMPREVISTOS | D45: 0.01 | F45: =+G41*D45 -> 25280.5
A46: UTILIDAD | D46: 0.05 | F46: =+G41*D46 -> 126402.5
A47: UTILIDAD SOBRE UTILIDAD | D47: 0.19 | F47: =+F46*D47 -> 24016.475
F48: SUB-TOTAL | G48: =+F44+F45+F46+F47 -> 908833.97
F51: PRECIO UNITARIO TOTAL | G51: =ROUND(G48+G41,0) -> 3436884
A55: ELABORO
A56: ING. WILLIAN ESPINEL
A57: M.P 25202-359266

Sheet ITEM 1.1.3
A1: ANALISIS DE PRECIOS UNITARIOS
F3: FECHA: | G3: =+TODAY() -> 45621
A4: OBRA | B4: REALIZAR A PRECIOS UNITARIOS FIJOS LAS OBRAS DE ADECUACIÓN Y MANTENIMIENTO DE LAS INSTALACIONES ELÉCTRICAS, CABLEADO ESTRUCTURADO Y SISTEMA DE DETECCIÓN Y ALARMA CONTRA INCENDIOS DE LA SECCIONAL FLORENCIA.
A5: ITEM | B5: 1.1.3 | C5: =+'PRESUPUESTO FINAL '!B8 -> SUMINSTRO E INSTALACION DE TRANSFORMADOR DE DE VOLTAJE, PT 13,2 KV /120, USO INTERIOR, , INCLUYE MANO DE OBRA, HERRAMIENTAS.
A7: 1.- EQUIPO
A8: DESCRIPCION | C8: UNIDAD | D8: TARIFA /UNIDAD | E8: RENDIMIENTO | F8: VALOR UNIT. | G8: UNIDAD
G9: =+'PRESUPUESTO FINAL '!C7 -> Und
A10: HERRAMIENTA MENOR | F10: 8500
F15: SUB-TOTAL | G15: =SUM(F10:F14) -> 8500
A16: 2.- MATERIALES
A17: DESCRIPCION | C17: UNIDAD | D17: PRECIO UNIT. | E17: CANTIDAD | F17: VALOR UNIT.
A18: TRANSFORMADOR DE CORRIENTE, PT 13.2 KV/120 USO INTERIOS | C18: UND | D18: 1785000 | E18: 1 | F18: =+D18*E18 -> 1785000
F23: SUB-TOTAL | G23: =SUM(F18:F22) -> 1785000
A25: 3.- TRANSPORTES
A26: MATERIAL | B26: VOL O PESO | C26: UNIDAD | D26: M3 O TON./KM | E26: TARIFA | F26: VALOR UNIT.
F29: SUB-TOTAL | G29: =+SUM(F27:F28) -> 0
A30: 4.- MANO DE OBRA
A31: TRABAJADOR | B31: JORNAL | C31: PRESTACION | D31: JORNAL TOTAL | E31: RENDIMIENTO | F31: VALOR UNIT.
A32: MANO DE OBRA FF INSTALACIONES ELECTRICAS INTERNAS | B32: =110000+70000 -> 180000 | C32: 1.6 | D32: =+C32*B32 -> 288000 | E32: 2.5505208 | F32: =+D32*E32 -> 734550
F33: SUB-TOTAL | G33: =+SUM(F32:F32) -> 734550
A34: 5. OTROS
A35: DESCRIPCION | C35: UNIDAD | D35: PRECIO UNIT. | E35: CANTIDAD | F35: VALOR UNIT.
F39: SUB-TOTAL | G39: =SUM(F36:F38) -> 0
D41: TOTAL COSTO DIRECTO | G41: =+ROUND(SUM(G39+G33+G29+G23+G15),0) -> 2528050
A42: 6. COSTOS INDIRECTOS
A43: DESCRIPCION | C43: PORCENTAJE | E43: VALOR TOTAL
A44: ADMINISTRACION | D44: 0.29 | F44: =D44*G41 -> 733134.5
A45: IMPREVISTOS | D45: 0.01 | F45: =+G41*D45 -> 25280.5
A46: UTILIDAD | D46: 0.05 | F46: =+G41*D46 -> 126402.5
A47: UTILIDAD SOBRE UTILIDAD | D47: 0.19 | F47: =+F46*D47 -> 24016.475
F48: SUB-TOTAL | G48: =+F44+F45+F46+F47 -> 908833.97
F51: PRECIO UNITARIO TOTAL | G51: =ROUND(G48+G41,0) -> 3436884
A55: ELABORO
A56: ING. WILLIAN ESPINEL
A57: M.P 25202-359266

Sheet ITEM 1.1.4
A1: ANALISIS DE PRECIOS UNITARIOS
F3: FECHA: | G3: =+TODAY() -> 45621
A4: OBRA | B4: REALIZAR A PRECIOS UNITARIOS FIJOS LAS OBRAS DE ADECUACIÓN Y MANTENIMIENTO DE LAS INSTALACIONES ELÉCTRICAS, CABLEADO ESTRUCTURADO Y SISTEMA DE DETECCIÓN Y ALARMA CONTRA INCENDIOS DE LA SECCIONAL FLORENCIA.
A5: ITEM | B5: 1.1.4 | C5: =+'PRESUPUESTO FINAL '!B9 -> MANTENIMIENTO A TABLEROS DE DISTRIBUCION DE BAJA TENSION AUTOSOPORTADOS, INCLUYE LIMPIEZA GENERAL, AJUSTE DE CONEXIONES, ARREGLO O REPOSICIÓN DE CHAPA Y CLIPS DE TAPAS LATERALES, CONEXIÓN DE LA ESTRUCTURA Y PUERTAS A BARRAJE DE TIERRAS, Y MANO DE OBRA E INSUMOS.
A7: 1.- EQUIPO
A8: DESCRIPCION | C8: UNIDAD | D8: TARIFA /UNIDAD | E8: RENDIMIENTO | F8: VALOR UNIT. | G8: UNIDAD
G9: =+'PRESUPUESTO FINAL '!C7 -> Und
A10: HERRAMIENTA MENOR | F10: 4500
F15: SUB-TOTAL | G15: =SUM(F10:F14) -> 4500
A16: 2.- MATERIALES
A17: DESCRIPCION | C17: UNIDAD | D17: PRECIO UNIT. | E17: CANTIDAD | F17: VALOR UNIT.
F23: SUB-TOTAL | G23: =SUM(F18:F22) -> 0
A25: 3.- TRANSPORTES
A26: MATERIAL | B26: VOL O PESO | C26: UNIDAD | D26: M3 O TON./KM | E26: TARIFA | F26: VALOR UNIT.
F29: SUB-TOTAL | G29: =+SUM(F27:F28) -> 0
A30: 4.- MANO DE OBRA
A31: TRABAJADOR | B31: JORNAL | C31: PRESTACION | D31: JORNAL TOTAL | E31: RENDIMIENTO | F31: VALOR UNIT.
A32: MANO DE OBRA FF INSTALACIONES ELECTRICAS INTERNAS | B32: =110000+70000 -> 180000 | C32: 1.6 | D32: =+C32*B32 -> 288000 | E32: 2.1371528 | F32: =+D32*E32 -> 615500
F33: SUB-TOTAL | G33: =+SUM(F32:F32) -> 615500
A34: 5. OTROS
A35: DESCRIPCION | C35: UNIDAD | D35: PRECIO UNIT. | E35: CANTIDAD | F35: VALOR UNIT.
F39: SUB-TOTAL | G39: =SUM(F36:F38) -> 0
D41: TOTAL COSTO DIRECTO | G41: =+ROUND(SUM(G39+G33+G29+G23+G15),0) -> 620000
A42: 6. COSTOS INDIRECTOS
A43: DESCRIPCION | C43: PORCENTAJE | E43: VALOR TOTAL
A44: ADMINISTRACION | D44: 0.29 | F44: =D44*G41 -> 179800
A45: IMPREVISTOS | D45: 0.01 | F45: =+G41*D45 -> 6200
A46: UTILIDAD | D46: 0.05 | F46: =+G41*D46 -> 31000
A47: UTILIDAD SOBRE UTILIDAD | D47: 0.19 | F47: =+F46*D47 -> 5890
F48: SUB-TOTAL | G48: =+F44+F45+F46+F47 -> 222890
F51: PRECIO UNITARIO TOTAL | G51: =ROUND(G48+G41,0) -> 842890
A55: ELABORO
A56: ING. WILLIAN ESPINEL
A57: M.P 25202-359266

Sheet ITEM 2.01
A1: ANALISIS DE PRECIOS UNITARIOS
F3: FECHA: | G3: =+TODAY() -> 45621
A4: OBRA | B4: REALIZAR A PRECIOS UNITARIOS FIJOS LAS OBRAS DE ADECUACIÓN Y MANTENIMIENTO DE LAS INSTALACIONES ELÉCTRICAS, CABLEADO ESTRUCTURADO Y SISTEMA DE DETECCIÓN Y ALARMA CONTRA INCENDIOS DE LA SECCIONAL FLORENCIA.
A5: ITEM | B5: 2.01 | C5: =+'PRESUPUESTO FINAL '!B12 -> CAJA DE PLASTICA 15X15
A7: 1.- EQUIPO
A8: DESCRIPCION | C8: UNIDAD | D8: TARIFA /UNIDAD | E8: RENDIMIENTO | F8: VALOR UNIT. | G8: UNIDAD
G9: =+'PRESUPUESTO FINAL '!C12 -> Und
A10: HERRAMIENTA MENOR | F10: 150
F15: SUB-TOTAL | G15: =SUM(F10:F14) -> 150
A16: 2.- MATERIALES
A17: DESCRIPCION | C17: UNIDAD | D17: PRECIO UNIT. | E17: CANTIDAD | F17: VALOR UNIT.
A18: CAJA DE PASO DE 15X15 | C18: UND | D18: 33500 | E18: 1 | F18: =+E18*D18 -> 33500
A19: CHAZO PUNTILLA DE 1X1-1/4" | C19: UND | D19: 150 | E19: 2 | F19: =+E19*D19 -> 300
F23: SUB-TOTAL | G23: =SUM(F18:F22) -> 33800
A25: 3.- TRANSPORTES
A26: MATERIAL | B26: VOL O PESO | C26: UNIDAD | D26: M3 O TON./KM | E26: TARIFA | F26: VALOR UNIT.
F29: SUB-TOTAL | G29: =+SUM(F27:F28) -> 0
A30: 4.- MANO DE OBRA
A31: TRABAJADOR | B31: JORNAL | C31: PRESTACION | D31: JORNAL TOTAL | E31: RENDIMIENTO | F31: VALOR UNIT.
A32: MANO DE OBRA FF INSTALACIONES ELECTRICAS INTERNAS | B32: =110000+70000 -> 180000 | C32: 1.6 | D32: =+C32*B32 -> 288000 | E32: 0.043576389 | F32: =+D32*E32 -> 12550
F33: SUB-TOTAL | G33: =+SUM(F32:F32) -> 12550
A34: 5. OTROS
A35: DESCRIPCION | C35: UNIDAD | D35: PRECIO UNIT. | E35: CANTIDAD | F35: VALOR UNIT.
F39: SUB-TOTAL | G39: =SUM(F36:F38) -> 0
D41: TOTAL COSTO DIRECTO | G41: =+ROUND(SUM(G39+G33+G29+G23+G15),0) -> 46500
A42: 6. COSTOS INDIRECTOS
A43: DESCRIPCION | C43: PORCENTAJE | E43: VALOR TOTAL
A44: ADMINISTRACION | D44: 0.29 | F44: =D44*G41 -> 13485
A45: IMPREVISTOS | D45: 0.01 | F45: =+G41*D45 -> 465
A46: UTILIDAD | D46: 0.05 | F46: =+G41*D46 -> 2325
A47: UTILIDAD SOBRE UTILIDAD | D47: 0.19 | F47: =+F46*D47 -> 441.75
F48: SUB-TOTAL | G48: =+F44+F45+F46+F47 -> 16716.75
F51: PRECIO UNITARIO TOTAL | G51: =ROUND(G48+G41,0) -> 63217
A55: ELABORO
A56: ING. WILLIAN ESPINEL
A57: M.P 25202-359266

Sheet ITEM 2.02
A1: ANALISIS DE PRECIOS UNITARIOS
F3: FECHA: | G3: =+TODAY() -> 45621
A4: OBRA | B4: REALIZAR A PRECIOS UNITARIOS FIJOS LAS OBRAS DE ADECUACIÓN Y MANTENIMIENTO DE LAS INSTALACIONES ELÉCTRICAS, CABLEADO ESTRUCTURADO Y SISTEMA DE DETECCIÓN Y ALARMA CONTRA INCENDIOS DE LA SECCIONAL FLORENCIA.
A5: ITEM | B5: 2.02 | C5: =+'PRESUPUESTO FINAL '!B13 -> CAJA DE PASO 10X10
A7: 1.- EQUIPO
A8: DESCRIPCION | C8: UNIDAD | D8: TARIFA /UNIDAD | E8: RENDIMIENTO | F8: VALOR UNIT. | G8: UNIDAD
G9: =+'PRESUPUESTO FINAL '!C12 -> Und
A10: HERRAMIENTA MENOR | F10: 150
F15: SUB-TOTAL | G15: =SUM(F10:F14) -> 150
A16: 2.- MATERIALES
A17: DESCRIPCION | C17: UNIDAD | D17: PRECIO UNIT. | E17: CANTIDAD | F17: VALOR UNIT.
A18: CAJA DE PASO OCTAGONAL Y/O 10X10 | C18: UND | D18: 4500 | E18: 1 | F18: =+E18*D18 -> 4500
A19: CHAZO PUNTILLA DE 1X1-1/4" | C19: UND | D19: 150 | E19: 2 | F19: =+E19*D19 -> 300
F23: SUB-TOTAL | G23: =SUM(F18:F22) -> 4800
A25: 3.- TRANSPORTES
A26: MATERIAL | B26: VOL O PESO | C26: UNIDAD | D26: M3 O TON./KM | E26: TARIFA | F26: VALOR UNIT.
F29: SUB-TOTAL | G29: =+SUM(F27:F28) -> 0
A30: 4.- MANO DE OBRA
A31: TRABAJADOR | B31: JORNAL | C31: PRESTACION | D31: JORNAL TOTAL | E31: RENDIMIENTO | F31: VALOR UNIT.
A32: MANO DE OBRA FF INSTALACIONES ELECTRICAS INTERNAS | B32: =110000+70000 -> 180000 | C32: 1.6 | D32: =+C32*B32 -> 288000 | E32: 0.015102431 | F32: =+D32*E32 -> 4349.5
F33: SUB-TOTAL | G33: =+SUM(F32:F32) -> 4349.5
A34: 5. OTROS
A35: DESCRIPCION | C35: UNIDAD | D35: PRECIO UNIT. | E35: CANTIDAD | F35: VALOR UNIT.
F39: SUB-TOTAL | G39: =SUM(F36:F38) -> 0
D41: TOTAL COSTO DIRECTO | G41: =+ROUND(SUM(G39+G33+G29+G23+G15),0) -> 9300
A42: 6. COSTOS INDIRECTOS
A43: DESCRIPCION | C43: PORCENTAJE | E43: VALOR TOTAL
A44: ADMINISTRACION | D44: 0.29 | F44: =D44*G41 -> 2697
A45: IMPREVISTOS | D45: 0.01 | F45: =+G41*D45 -> 93
A46: UTILIDAD | D46: 0.05 | F46: =+G41*D46 -> 465
A47: UTILIDAD SOBRE UTILIDAD | D47: 0.19 | F47: =+F46*D47 -> 88.35
F48: SUB-TOTAL | G48: =+F44+F45+F46+F47 -> 3343.35
F51: PRECIO UNITARIO TOTAL | G51: =ROUND(G48+G41,0) -> 12643
A55: ELABORO
A56: ING. WILLIAN ESPINEL
A57: M.P 25202-359266

Sheet ITEM 2.03
A1: ANALISIS DE PRECIOS UNITARIOS
F3: FECHA: | G3: =+TODAY() -> 45621
A4: OBRA | B4: REALIZAR A PRECIOS UNITARIOS FIJOS LAS OBRAS DE ADECUACIÓN Y MANTENIMIENTO DE LAS INSTALACIONES ELÉCTRICAS, CABLEADO ESTRUCTURADO Y SISTEMA DE DETECCIÓN Y ALARMA CONTRA INCENDIOS DE LA SECCIONAL FLORENCIA.
A5: ITEM | B5: 2.03 | C5: =+'PRESUPUESTO FINAL '!B14 -> DETECTOR FOTOELÉCTRICO DE HUMO CONVENCIONAL DE 4 HILOS. INCLUYE BASE
A7: 1.- EQUIPO
A8: DESCRIPCION | C8: UNIDAD | D8: TARIFA /UNIDAD | E8: RENDIMIENTO | F8: VALOR UNIT. | G8: UNIDAD
G9: =+'PRESUPUESTO FINAL '!C12 -> Und
A10: HERRAMIENTA MENOR | F10: 250
F15: SUB-TOTAL | G15: =SUM(F10:F14) -> 250
A16: 2.- MATERIALES
A17: DESCRIPCION | C17: UNIDAD | D17: PRECIO UNIT. | E17: CANTIDAD | F17: VALOR UNIT.
A18: DETECTOR FOTOELECTRICO DE HUMO | C18: UND | D18: 95857 | E18: 1 | F18: =+E18*D18 -> 95857
A19: BASE PARA DETECTOR | C19: UND | D19: 13500 | E19: 2 | F19: =+E19*D19 -> 27000
A20: CHAZO PUNTILLA DE 1X1-1/4" | C20: UND | D20: 150 | E20: 2 | F20: =+E20*D20 -> 300
F23: SUB-TOTAL | G23: =SUM(F18:F22) -> 123157
A25: 3.- TRANSPORTES
A26: MATERIAL | B26: VOL O PESO | C26: UNIDAD | D26: M3 O TON./KM | E26: TARIFA | F26: VALOR UNIT.
F29: SUB-TOTAL | G29: =+SUM(F27:F28) -> 0
A30: 4.- MANO DE OBRA
A31: TRABAJADOR | B31: JORNAL | C31: PRESTACION | D31: JORNAL TOTAL | E31: RENDIMIENTO | F31: VALOR UNIT.
A32: MANO DE OBRA FF INSTALACIONES ELECTRICAS INTERNAS | B32: =110000+70000 -> 180000 | C32: 1.6 | D32: =+C32*B32 -> 288000 | E32: 0.24424658 | F32: =+D32*E32 -> 70343.015
F33: SUB-TOTAL | G33: =+SUM(F32:F32) -> 70343.015
A34: 5. OTROS
A35: DESCRIPCION | C35: UNIDAD | D35: PRECIO UNIT. | E35: CANTIDAD | F35: VALOR UNIT.
F39: SUB-TOTAL | G39: =SUM(F36:F38) -> 0
D41: TOTAL COSTO DIRECTO | G41: =+ROUND(SUM(G39+G33+G29+G23+G15),0) -> 193750
A42: 6. COSTOS INDIRECTOS
A43: DESCRIPCION | C43: PORCENTAJE | E43: VALOR TOTAL
A44: ADMINISTRACION | D44: 0.29 | F44: =D44*G41 -> 56187.5
A45: IMPREVISTOS | D45: 0.01 | F45: =+G41*D45 -> 1937.5
A46: UTILIDAD | D46: 0.05 | F46: =+G41*D46 -> 9687.5
A47: UTILIDAD SOBRE UTILIDAD | D47: 0.19 | F47: =+F46*D47 -> 1840.625
F48: SUB-TOTAL | G48: =+F44+F45+F46+F47 -> 69653.125
F51: PRECIO UNITARIO TOTAL | G51: =ROUND(G48+G41,0) -> 263403
A55: ELABORO
A56: ING. WILLIAN ESPINEL
A57: M.P 25202-359266

Sheet ITEM 2.04
A1: ANALISIS DE PRECIOS UNITARIOS
F3: FECHA: | G3: =+TODAY() -> 45621
A4: OBRA | B4: REALIZAR A PRECIOS UNITARIOS FIJOS LAS OBRAS DE ADECUACIÓN Y MANTENIMIENTO DE LAS INSTALACIONES ELÉCTRICAS, CABLEADO ESTRUCTURADO Y SISTEMA DE DETECCIÓN Y ALARMA CONTRA INCENDIOS DE LA SECCIONAL FLORENCIA.
A5: ITEM | B5: 2.04 | C5: =+'PRESUPUESTO FINAL '!B15 -> ESTACION MANUAL DE EMERGENCIA, DOBLE ACCION, CONVENCIONAL, CON MENSAJE EN ESPAÑOL
A7: 1.- EQUIPO
A8: DESCRIPCION | C8: UNIDAD | D8: TARIFA /UNIDAD | E8: RENDIMIENTO | F8: VALOR UNIT. | G8: UNIDAD
G9: =+'PRESUPUESTO FINAL '!C12 -> Und
A10: HERRAMIENTA MENOR | F10: 250
F15: SUB-TOTAL | G15: =SUM(F10:F14) -> 250
A16: 2.- MATERIALES
A17: DESCRIPCION | C17: UNIDAD | D17: PRECIO UNIT. | E17: CANTIDAD | F17: VALOR UNIT.
A18: ESTACION MANUAL DE EMERGENCIA, DOBLE ACCION, CONVENCIONAL, | C18: UND | D18: 184500 | E18: 1 | F18: =+E18*D18 -> 184500
A19: CHAZO PUNTILLA DE 1X1-1/4" | C19: UND | D19: 150 | E19: 2 | F19: =+E19*D19 -> 300
F23: SUB-TOTAL | G23: =SUM(F18:F22) -> 184800
A25: 3.- TRANSPORTES
A26: MATERIAL | B26: VOL O PESO | C26: UNIDAD | D26: M3 O TON./KM | E26: TARIFA | F26: VALOR UNIT.
F29: SUB-TOTAL | G29: =+SUM(F27:F28) -> 0
A30: 4.- MANO DE OBRA
A31: TRABAJADOR | B31: JORNAL | C31: PRESTACION | D31: JORNAL TOTAL | E31: RENDIMIENTO | F31: VALOR UNIT.
A32: MANO DE OBRA FF INSTALACIONES ELECTRICAS INTERNAS | B32: =110000+70000 -> 180000 | C32: 1.6 | D32: =+C32*B32 -> 288000 | E32: 0.29930665 | F32: =+D32*E32 -> 86200.315
F33: SUB-TOTAL | G33: =+SUM(F32:F32) -> 86200.315
A34: 5. OTROS
A35: DESCRIPCION | C35: UNIDAD | D35: PRECIO UNIT. | E35: CANTIDAD | F35: VALOR UNIT.
F39: SUB-TOTAL | G39: =SUM(F36:F38) -> 0
D41: TOTAL COSTO DIRECTO | G41: =+ROUND(SUM(G39+G33+G29+G23+G15),0) -> 271250
A42: 6. COSTOS INDIRECTOS
A43: DESCRIPCION | C43: PORCENTAJE | E43: VALOR TOTAL
A44: ADMINISTRACION | D44: 0.29 | F44: =D44*G41 -> 78662.5
A45: IMPREVISTOS | D45: 0.01 | F45: =+G41*D45 -> 2712.5
A46: UTILIDAD | D46: 0.05 | F46: =+G41*D46 -> 13562.5
A47: UTILIDAD SOBRE UTILIDAD | D47: 0.19 | F47: =+F46*D47 -> 2576.875
F48: SUB-TOTAL | G48: =+F44+F45+F46+F47 -> 97514.375
F51: PRECIO UNITARIO TOTAL | G51: =ROUND(G48+G41,0) -> 368764
A55: ELABORO
A56: ING. WILLIAN ESPINEL
A57: M.P 25202-359266

Sheet ITEM 2.05
A1: ANALISIS DE PRECIOS UNITARIOS
F3: FECHA: | G3: =+TODAY() -> 45621
A4: OBRA | B4: REALIZAR A PRECIOS UNITARIOS FIJOS LAS OBRAS DE ADECUACIÓN Y MANTENIMIENTO DE LAS INSTALACIONES ELÉCTRICAS, CABLEADO ESTRUCTURADO Y SISTEMA DE DETECCIÓN Y ALARMA CONTRA INCENDIOS DE LA SECCIONAL FLORENCIA.
A5: ITEM | B5: 2.05 | C5: =+'PRESUPUESTO FINAL '!B16 -> MODULO EXPANSOR 8 ZONAS
A7: 1.- EQUIPO
A8: DESCRIPCION | C8: UNIDAD | D8: TARIFA /UNIDAD | E8: RENDIMIENTO | F8: VALOR UNIT. | G8: UNIDAD
G9: =+'PRESUPUESTO FINAL '!C12 -> Und
A10: HERRAMIENTA MENOR | F10: 250
F15: SUB-TOTAL | G15: =SUM(F10:F14) -> 250
A16: 2.- MATERIALES
A17: DESCRIPCION | C17: UNIDAD | D17: PRECIO UNIT. | E17: CANTIDAD | F17: VALOR UNIT.
A18: MODULO EXPANSOR 8 ZONAS | C18: UND | D18: 184500 | E18: 1 | F18: =+E18*D18 -> 184500
A19: CHAZO PUNTILLA DE 1X1-1/4" | C19: UND | D19: 150 | E19: 2 | F19: =+E19*D19 -> 300
F23: SUB-TOTAL | G23: =SUM(F18:F22) -> 184800
A25: 3.- TRANSPORTES
A26: MATERIAL | B26: VOL O PESO | C26: UNIDAD | D26: M3 O TON./KM | E26: TARIFA | F26: VALOR UNIT.
F29: SUB-TOTAL | G29: =+SUM(F27:F28) -> 0
A30: 4.- MANO DE OBRA
A31: TRABAJADOR | B31: JORNAL | C31: PRESTACION | D31: JORNAL TOTAL | E31: RENDIMIENTO | F31: VALOR UNIT.
A32: MANO DE OBRA FF INSTALACIONES ELECTRICAS INTERNAS | B32: =110000+70000 -> 180000 | C32: 1.6 | D32: =+C32*B32 -> 288000 | E32: 0.30034832 | F32: =+D32*E32 -> 86500.316
F33: SUB-TOTAL | G33: =+SUM(F32:F32) -> 86500.316
A34: 5. OTROS
A35: DESCRIPCION | C35: UNIDAD | D35: PRECIO UNIT. | E35: CANTIDAD | F35: VALOR UNIT.
F39: SUB-TOTAL | G39: =SUM(F36:F38) -> 0
D41: TOTAL COSTO DIRECTO | G41: =+ROUND(SUM(G39+G33+G29+G23+G15),0) -> 271550
A42: 6. COSTOS INDIRECTOS
A43: DESCRIPCION | C43: PORCENTAJE | E43: VALOR TOTAL
A44: ADMINISTRACION | D44: 0.29 | F44: =D44*G41 -> 78749.5
A45: IMPREVISTOS | D45: 0.01 | F45: =+G41*D45 -> 2715.5
A46: UTILIDAD | D46: 0.05 | F46: =+G41*D46 -> 13577.5
A47: UTILIDAD SOBRE UTILIDAD | D47: 0.19 | F47: =+F46*D47 -> 2579.725
F48: SUB-TOTAL | G48: =+F44+F45+F46+F47 -> 97622.225
F51: PRECIO UNITARIO TOTAL | G51: =ROUND(G48+G41,0) -> 369172
A55: ELABORO
A56: ING. WILLIAN ESPINEL
A57: M.P 25202-359266

Sheet ITEM 2.06
A1: ANALISIS DE PRECIOS UNITARIOS
F3: FECHA: | G3: =+TODAY() -> 45621
A4: OBRA | B4: REALIZAR A PRECIOS UNITARIOS FIJOS LAS OBRAS DE ADECUACIÓN Y MANTENIMIENTO DE LAS INSTALACIONES ELÉCTRICAS, CABLEADO ESTRUCTURADO Y SISTEMA DE DETECCIÓN Y ALARMA CONTRA INCENDIOS DE LA SECCIONAL FLORENCIA.
A5: ITEM | B5: 2.06 | C5: =+'PRESUPUESTO FINAL '!B17 -> TRANSFORMADOR 16.5V 40AMP
A7: 1.- EQUIPO
A8: DESCRIPCION | C8: UNIDAD | D8: TARIFA /UNIDAD | E8: RENDIMIENTO | F8: VALOR UNIT. | G8: UNIDAD
G9: =+'PRESUPUESTO FINAL '!C12 -> Und
A10: HERRAMIENTA MENOR | F10: 850
F15: SUB-TOTAL | G15: =SUM(F10:F14) -> 850
A16: 2.- MATERIALES
A17: DESCRIPCION | C17: UNIDAD | D17: PRECIO UNIT. | E17: CANTIDAD | F17: VALOR UNIT.
A18: TRANSFORMADOR DE 16.5 C 40 AMP | C18: UND | D18: 2050000 | E18: 1 | F18: =+E18*D18 -> 2050000
F23: SUB-TOTAL | G23: =SUM(F18:F22) -> 2050000
A25: 3.- TRANSPORTES
A26: MATERIAL | B26: VOL O PESO | C26: UNIDAD | D26: M3 O TON./KM | E26: TARIFA | F26: VALOR UNIT.
F29: SUB-TOTAL | G29: =+SUM(F27:F28) -> 0
A30: 4.- MANO DE OBRA
A31: TRABAJADOR | B31: JORNAL | C31: PRESTACION | D31: JORNAL TOTAL | E31: RENDIMIENTO | F31: VALOR UNIT.
A32: MANO DE OBRA FF INSTALACIONES ELECTRICAS INTERNAS | B32: =110000+70000 -> 180000 | C32: 1.6 | D32: =+C32*B32 -> 288000 | E32: 0.95190955 | F32: =+D32*E32 -> 274149.95
F33: SUB-TOTAL | G33: =+SUM(F32:F32) -> 274149.95
A34: 5. OTROS
A35: DESCRIPCION | C35: UNIDAD | D35: PRECIO UNIT. | E35: CANTIDAD | F35: VALOR UNIT.
F39: SUB-TOTAL | G39: =SUM(F36:F38) -> 0
D41: TOTAL COSTO DIRECTO | G41: =+ROUND(SUM(G39+G33+G29+G23+G15),0) -> 2325000
A42: 6. COSTOS INDIRECTOS
A43: DESCRIPCION | C43: PORCENTAJE | E43: VALOR TOTAL
A44: ADMINISTRACION | D44: 0.29 | F44: =D44*G41 -> 674250
A45: IMPREVISTOS | D45: 0.01 | F45: =+G41*D45 -> 23250
A46: UTILIDAD | D46: 0.05 | F46: =+G41*D46 -> 116250
A47: UTILIDAD SOBRE UTILIDAD | D47: 0.19 | F47: =+F46*D47 -> 22087.5
F48: SUB-TOTAL | G48: =+F44+F45+F46+F47 -> 835837.5
F51: PRECIO UNITARIO TOTAL | G51: =ROUND(G48+G41,0) -> 3160838
A55: ELABORO
A56: ING. WILLIAN ESPINEL
A57: M.P 25202-359266

Sheet ITEM 2.07
A1: ANALISIS DE PRECIOS UNITARIOS
F3: FECHA: | G3: =+TODAY() -> 45621
A4: OBRA | B4: REALIZAR A PRECIOS UNITARIOS FIJOS LAS OBRAS DE ADECUACIÓN Y MANTENIMIENTO DE LAS INSTALACIONES ELÉCTRICAS, CABLEADO ESTRUCTURADO Y SISTEMA DE DETECCIÓN Y ALARMA CONTRA INCENDIOS DE LA SECCIONAL FLORENCIA.
A5: ITEM | B5: 2.07 | C5: =+'PRESUPUESTO FINAL '!B18 -> FUENTE DE ALIMENTACION 1.5A CONTINUO
A7: 1.- EQUIPO
A8: DESCRIPCION | C8: UNIDAD | D8: TARIFA /UNIDAD | E8: RENDIMIENTO | F8: VALOR UNIT. | G8: UNIDAD
G9: =+'PRESUPUESTO FINAL '!C12 -> Und
A10: HERRAMIENTA MENOR | F10: 650
F15: SUB-TOTAL | G15: =SUM(F10:F14) -> 650
A16: 2.- MATERIALES
A17: DESCRIPCION | C17: UNIDAD | D17: PRECIO UNIT. | E17: CANTIDAD | F17: VALOR UNIT.
A18: FUENTE DE ALIMENTACION 1.5A CONTINUO | C18: UND | D18: 1350000 | E18: 1 | F18: =+E18*D18 -> 1350000
F23: SUB-TOTAL | G23: =SUM(F18:F22) -> 1350000
A25: 3.- TRANSPORTES
A26: MATERIAL | B26: VOL O PESO | C26: UNIDAD | D26: M3 O TON./KM | E26: TARIFA | F26: VALOR UNIT.
F29: SUB-TOTAL | G29: =+SUM(F27:F28) -> 0
A30: 4.- MANO DE OBRA
A31: TRABAJADOR | B31: JORNAL | C31: PRESTACION | D31: JORNAL TOTAL | E31: RENDIMIENTO | F31: VALOR UNIT.
A32: MANO DE OBRA FF INSTALACIONES ELECTRICAS INTERNAS | B32: =110000+70000 -> 180000 | C32: 1.6 | D32: =+C32*B32 -> 288000 | E32: 2.037675 | F32: =+D32*E32 -> 586850.39
F33: SUB-TOTAL | G33: =+SUM(F32:F32) -> 586850.39
A34: 5. OTROS
A35: DESCRIPCION | C35: UNIDAD | D35: PRECIO UNIT. | E35: CANTIDAD | F35: VALOR UNIT.
F39: SUB-TOTAL | G39: =SUM(F36:F38) -> 0
D41: TOTAL COSTO DIRECTO | G41: =+ROUND(SUM(G39+G33+G29+G23+G15),0) -> 1937500
A42: 6. COSTOS INDIRECTOS
A43: DESCRIPCION | C43: PORCENTAJE | E43: VALOR TOTAL
A44: ADMINISTRACION | D44: 0.29 | F44: =D44*G41 -> 561875
A45: IMPREVISTOS | D45: 0.01 | F45: =+G41*D45 -> 19375
A46: UTILIDAD | D46: 0.05 | F46: =+G41*D46 -> 96875
A47: UTILIDAD SOBRE UTILIDAD | D47: 0.19 | F47: =+F46*D47 -> 18406.25
F48: SUB-TOTAL | G48: =+F44+F45+F46+F47 -> 696531.25
F51: PRECIO UNITARIO TOTAL | G51: =ROUND(G48+G41,0) -> 2634031
A55: ELABORO
A56: ING. WILLIAN ESPINEL
A57: M.P 25202-359266

Sheet ITEM 2.08
A1: ANALISIS DE PRECIOS UNITARIOS
F3: FECHA: | G3: =+TODAY() -> 45621
A4: OBRA | B4: REALIZAR A PRECIOS UNITARIOS FIJOS LAS OBRAS DE ADECUACIÓN Y MANTENIMIENTO DE LAS INSTALACIONES ELÉCTRICAS, CABLEADO ESTRUCTURADO Y SISTEMA DE DETECCIÓN Y ALARMA CONTRA INCENDIOS DE LA SECCIONAL FLORENCIA.
A5: ITEM | B5: 2.08 | C5: =+'PRESUPUESTO FINAL '!B19 -> CAJA METALICA 28 X 28 X 7.6CM
A7: 1.- EQUIPO
A8: DESCRIPCION | C8: UNIDAD | D8: TARIFA /UNIDAD | E8: RENDIMIENTO | F8: VALOR UNIT. | G8: UNIDAD
G9: =+'PRESUPUESTO FINAL '!C12 -> Und
A10: HERRAMIENTA MENOR | F10: 650
F15: SUB-TOTAL | G15: =SUM(F10:F14) -> 650
A16: 2.- MATERIALES
A17: DESCRIPCION | C17: UNIDAD | D17: PRECIO UNIT. | E17: CANTIDAD | F17: VALOR UNIT.
A18: CAJA METALICA DE 28X28X7.6 CM | C18: UND | D18: 43500 | E18: 1 | F18: =+E18*D18 -> 43500
A19: CHAZO PUNTILLA DE 1X1-1/4" | C19: UND | D19: 150 | E19: 2 | F19: =+E19*D19 -> 300
F23: SUB-TOTAL | G23: =SUM(F18:F22) -> 43800
A25: 3.- TRANSPORTES
A26: MATERIAL | B26: VOL O PESO | C26: UNIDAD | D26: M3 O TON./KM | E26: TARIFA | F26: VALOR UNIT.
F29: SUB-TOTAL | G29: =+SUM(F27:F28) -> 0
A30: 4.- MANO DE OBRA
A31: TRABAJADOR | B31: JORNAL | C31: PRESTACION | D31: JORNAL TOTAL | E31: RENDIMIENTO | F31: VALOR UNIT.
A32: MANO DE OBRA FF INSTALACIONES ELECTRICAS INTERNAS | B32: =110000+70000 -> 180000 | C32: 1.6 | D32: =+C32*B32 -> 288000 | E32: 0.087845545 | F32: =+D32*E32 -> 25299.517
F33: SUB-TOTAL | G33: =+SUM(F32:F32) -> 25299.517
A34: 5. OTROS
A35: DESCRIPCION | C35: UNIDAD | D35: PRECIO UNIT. | E35: CANTIDAD | F35: VALOR UNIT.
F39: SUB-TOTAL | G39: =SUM(F36:F38) -> 0
D41: TOTAL COSTO DIRECTO | G41: =+ROUND(SUM(G39+G33+G29+G23+G15),0) -> 69750
A42: 6. COSTOS INDIRECTOS
A43: DESCRIPCION | C43: PORCENTAJE | E43: VALOR TOTAL
A44: ADMINISTRACION | D44: 0.29 | F44: =D44*G41 -> 20227.5
A45: IMPREVISTOS | D45: 0.01 | F45: =+G41*D45 -> 697.5
A46: UTILIDAD | D46: 0.05 | F46: =+G41*D46 -> 3487.5
A47: UTILIDAD SOBRE UTILIDAD | D47: 0.19 | F47: =+F46*D47 -> 662.625
F48: SUB-TOTAL | G48: =+F44+F45+F46+F47 -> 25075.125
F51: PRECIO UNITARIO TOTAL | G51: =ROUND(G48+G41,0) -> 94825
A55: ELABORO
A56: ING. WILLIAN ESPINEL
A57: M.P 25202-359266

Sheet ITEM 2.09
A1: ANALISIS DE PRECIOS UNITARIOS
F3: FECHA: | G3: =+TODAY() -> 45621
A4: OBRA | B4: REALIZAR A PRECIOS UNITARIOS FIJOS LAS OBRAS DE ADECUACIÓN Y MANTENIMIENTO DE LAS INSTALACIONES ELÉCTRICAS, CABLEADO ESTRUCTURADO Y SISTEMA DE DETECCIÓN Y ALARMA CONTRA INCENDIOS DE LA SECCIONAL FLORENCIA.
A5: ITEM | B5: 2.09 | C5: =+'PRESUPUESTO FINAL '!B20 -> BATERIA 12V 4AH
A7: 1.- EQUIPO
A8: DESCRIPCION | C8: UNIDAD | D8: TARIFA /UNIDAD | E8: RENDIMIENTO | F8: VALOR UNIT. | G8: UNIDAD
G9: =+'PRESUPUESTO FINAL '!C12 -> Und
A10: HERRAMIENTA MENOR | F10: 150
F15: SUB-TOTAL | G15: =SUM(F10:F14) -> 150
A16: 2.- MATERIALES
A17: DESCRIPCION | C17: UNIDAD | D17: PRECIO UNIT. | E17: CANTIDAD | F17: VALOR UNIT.
A18: BATERIA DE 12 V AAH | C18: UND | D18: 70500 | E18: 1 | F18: =+E18*D18 -> 70500
F23: SUB-TOTAL | G23: =SUM(F18:F22) -> 70500
A25: 3.- TRANSPORTES
A26: MATERIAL | B26: VOL O PESO | C26: UNIDAD | D26: M3 O TON./KM | E26: TARIFA | F26: VALOR UNIT.
F29: SUB-TOTAL | G29: =+SUM(F27:F28) -> 0
A30: 4.- MANO DE OBRA
A31: TRABAJADOR | B31: JORNAL | C31: PRESTACION | D31: JORNAL TOTAL | E31: RENDIMIENTO | F31: VALOR UNIT.
A32: MANO DE OBRA FF INSTALACIONES ELECTRICAS INTERNAS | B32: =110000+70000 -> 180000 | C32: 1.6 | D32: =+C32*B32 -> 288000 | E32: 0.077602685 | F32: =+D32*E32 -> 22349.573
F33: SUB-TOTAL | G33: =+SUM(F32:F32) -> 22349.573
A34: 5. OTROS
A35: DESCRIPCION | C35: UNIDAD | D35: PRECIO UNIT. | E35: CANTIDAD | F35: VALOR UNIT.
F39: SUB-TOTAL | G39: =SUM(F36:F38) -> 0
D41: TOTAL COSTO DIRECTO | G41: =+ROUND(SUM(G39+G33+G29+G23+G15),0) -> 93000
A42: 6. COSTOS INDIRECTOS
A43: DESCRIPCION | C43: PORCENTAJE | E43: VALOR TOTAL
A44: ADMINISTRACION | D44: 0.29 | F44: =D44*G41 -> 26970
A45: IMPREVISTOS | D45: 0.01 | F45: =+G41*D45 -> 930
A46: UTILIDAD | D46: 0.05 | F46: =+G41*D46 -> 4650
A47: UTILIDAD SOBRE UTILIDAD | D47: 0.19 | F47: =+F46*D47 -> 883.5
F48: SUB-TOTAL | G48: =+F44+F45+F46+F47 -> 33433.5
F51: PRECIO UNITARIO TOTAL | G51: =ROUND(G48+G41,0) -> 126434
A55: ELABORO
A56: ING. WILLIAN ESPINEL
A57: M.P 25202-359266

Sheet ITEM 2.10
A1: ANALISIS DE PRECIOS UNITARIOS
F3: FECHA: | G3: =+TODAY() -> 45621
A4: OBRA | B4: REALIZAR A PRECIOS UNITARIOS FIJOS LAS OBRAS DE ADECUACIÓN Y MANTENIMIENTO DE LAS INSTALACIONES ELÉCTRICAS, CABLEADO ESTRUCTURADO Y SISTEMA DE DETECCIÓN Y ALARMA CONTRA INCENDIOS DE LA SECCIONAL FLORENCIA.
A5: ITEM | B5: 2.1 | C5: =+'PRESUPUESTO FINAL '!B21 -> CABLE 18 AWG, 4 CONDUCTORES, SIN BLINDAR, DE COLOR ROJO
A7: 1.- EQUIPO
A8: DESCRIPCION | C8: UNIDAD | D8: TARIFA /UNIDAD | E8: RENDIMIENTO | F8: VALOR UNIT. | G8: UNIDAD
G9: =+'PRESUPUESTO FINAL '!C21 -> M
A10: HERRAMIENTA MENOR | F10: 250
F15: SUB-TOTAL | G15: =SUM(F10:F14) -> 250
A16: 2.- MATERIALES
A17: DESCRIPCION | C17: UNIDAD | D17: PRECIO UNIT. | E17: CANTIDAD | F17: VALOR UNIT.
A18: CABLE 18 AWG, 4 CONDUCTORES, SIN BLINDAR COLOR ROJO | C18: M | D18: 4500 | E18: 1 | F18: =+E18*D18 -> 4500
F23: SUB-TOTAL | G23: =SUM(F18:F22) -> 4500
A25: 3.- TRANSPORTES
A26: MATERIAL | B26: VOL O PESO | C26: UNIDAD | D26: M3 O TON./KM | E26: TARIFA | F26: VALOR UNIT.
F29: SUB-TOTAL | G29: =+SUM(F27:F28) -> 0
A30: 4.- MANO DE OBRA
A31: TRABAJADOR | B31: JORNAL | C31: PRESTACION | D31: JORNAL TOTAL | E31: RENDIMIENTO | F31: VALOR UNIT.
A32: MANO DE OBRA FF INSTALACIONES ELECTRICAS INTERNAS | B32: =110000+70000 -> 180000 | C32: 1.6 | D32: =+C32*B32 -> 288000 | E32: 0.0050363622 | F32: =+D32*E32 -> 1450.4723
F33: SUB-TOTAL | G33: =+SUM(F32:F32) -> 1450.4723
A34: 5. OTROS
A35: DESCRIPCION | C35: UNIDAD | D35: PRECIO UNIT. | E35: CANTIDAD | F35: VALOR UNIT.
F39: SUB-TOTAL | G39: =SUM(F36:F38) -> 0
D41: TOTAL COSTO DIRECTO | G41: =+ROUND(SUM(G39+G33+G29+G23+G15),0) -> 6200
A42: 6. COSTOS INDIRECTOS
A43: DESCRIPCION | C43: PORCENTAJE | E43: VALOR TOTAL
A44: ADMINISTRACION | D44: 0.29 | F44: =D44*G41 -> 1798
A45: IMPREVISTOS | D45: 0.01 | F45: =+G41*D45 -> 62
A46: UTILIDAD | D46: 0.05 | F46: =+G41*D46 -> 310
A47: UTILIDAD SOBRE UTILIDAD | D47: 0.19 | F47: =+F46*D47 -> 58.9
F48: SUB-TOTAL | G48: =+F44+F45+F46+F47 -> 2228.9
F51: PRECIO UNITARIO TOTAL | G51: =ROUND(G48+G41,0) -> 8429
A55: ELABORO
A56: ING. WILLIAN ESPINEL
A57: M.P 25202-359266

Sheet ITEM 2.11
A1: ANALISIS DE PRECIOS UNITARIOS
F3: FECHA: | G3: =+TODAY() -> 45621
A4: OBRA | B4: REALIZAR A PRECIOS UNITARIOS FIJOS LAS OBRAS DE ADECUACIÓN Y MANTENIMIENTO DE LAS INSTALACIONES ELÉCTRICAS, CABLEADO ESTRUCTURADO Y SISTEMA DE DETECCIÓN Y ALARMA CONTRA INCENDIOS DE LA SECCIONAL FLORENCIA.
A5: ITEM | B5: 2.11 | C5: =+'PRESUPUESTO FINAL '!B22 -> CLAVIJA DE SEGURIDAD 15A
A7: 1.- EQUIPO
A8: DESCRIPCION | C8: UNIDAD | D8: TARIFA /UNIDAD | E8: RENDIMIENTO | F8: VALOR UNIT. | G8: UNIDAD
G9: =+'PRESUPUESTO FINAL '!C22 -> Und
A10: HERRAMIENTA MENOR | F10: 100
F15: SUB-TOTAL | G15: =SUM(F10:F14) -> 100
A16: 2.- MATERIALES
A17: DESCRIPCION | C17: UNIDAD | D17: PRECIO UNIT. | E17: CANTIDAD | F17: VALOR UNIT.
A18: CALAVIJA DE SEGURIDAD DE 15 A | C18: M | D18: 33200 | E18: 1 | F18: =+E18*D18 -> 33200
F23: SUB-TOTAL | G23: =SUM(F18:F22) -> 33200
A25: 3.- TRANSPORTES
A26: MATERIAL | B26: VOL O PESO | C26: UNIDAD | D26: M3 O TON./KM | E26: TARIFA | F26: VALOR UNIT.
F29: SUB-TOTAL | G29: =+SUM(F27:F28) -> 0
A30: 4.- MANO DE OBRA
A31: TRABAJADOR | B31: JORNAL | C31: PRESTACION | D31: JORNAL TOTAL | E31: RENDIMIENTO | F31: VALOR UNIT.
A32: MANO DE OBRA FF INSTALACIONES ELECTRICAS INTERNAS | B32: =110000+70000 -> 180000 | C32: 1.6 | D32: =+C32*B32 -> 288000 | E32: 0.018922625 | F32: =+D32*E32 -> 5449.7161
F33: SUB-TOTAL | G33: =+SUM(F32:F32) -> 5449.7161
A34: 5. OTROS
A35: DESCRIPCION | C35: UNIDAD | D35: PRECIO UNIT. | E35: CANTIDAD | F35: VALOR UNIT.
F39: SUB-TOTAL | G39: =SUM(F36:F38) -> 0
D41: TOTAL COSTO DIRECTO | G41: =+ROUND(SUM(G39+G33+G29+G23+G15),0) -> 38750
A42: 6. COSTOS INDIRECTOS
A43: DESCRIPCION | C43: PORCENTAJE | E43: VALOR TOTAL
A44: ADMINISTRACION | D44: 0.29 | F44: =D44*G41 -> 11237.5
A45: IMPREVISTOS | D45: 0.01 | F45: =+G41*D45 -> 387.5
A46: UTILIDAD | D46: 0.05 | F46: =+G41*D46 -> 1937.5
A47: UTILIDAD SOBRE UTILIDAD | D47: 0.19 | F47: =+F46*D47 -> 368.125
F48: SUB-TOTAL | G48: =+F44+F45+F46+F47 -> 13930.625
F51: PRECIO UNITARIO TOTAL | G51: =ROUND(G48+G41,0) -> 52681
A55: ELABORO
A56: ING. WILLIAN ESPINEL
A57: M.P 25202-359266

Sheet ITEM 2.12
A1: ANALISIS DE PRECIOS UNITARIOS
F3: FECHA: | G3: =+TODAY() -> 45621
A4: OBRA | B4: REALIZAR A PRECIOS UNITARIOS FIJOS LAS OBRAS DE ADECUACIÓN Y MANTENIMIENTO DE LAS INSTALACIONES ELÉCTRICAS, CABLEADO ESTRUCTURADO Y SISTEMA DE DETECCIÓN Y ALARMA CONTRA INCENDIOS DE LA SECCIONAL FLORENCIA.
A5: ITEM | B5: 2.12 | C5: =+'PRESUPUESTO FINAL '!B23 -> CANALETA PLASTICA 20X10
A7: 1.- EQUIPO
A8: DESCRIPCION | C8: UNIDAD | D8: TARIFA /UNIDAD | E8: RENDIMIENTO | F8: VALOR UNIT. | G8: UNIDAD
G9: =+'PRESUPUESTO FINAL '!C21 -> M
A10: HERRAMIENTA MENOR | F10: 100
F15: SUB-TOTAL | G15: =SUM(F10:F14) -> 100
A16: 2.- MATERIALES
A17: DESCRIPCION | C17: UNIDAD | D17: PRECIO UNIT. | E17: CANTIDAD | F17: VALOR UNIT.
A18: CANALETA PLASTICA DE 20X10 | C18: M | D18: 7000 | E18: 1 | F18: =+E18*D18 -> 7000
F23: SUB-TOTAL | G23: =SUM(F18:F22) -> 7000
A25: 3.- TRANSPORTES
A26: MATERIAL | B26: VOL O PESO | C26: UNIDAD | D26: M3 O TON./KM | E26: TARIFA | F26: VALOR UNIT.
F29: SUB-TOTAL | G29: =+SUM(F27:F28) -> 0
A30: 4.- MANO DE OBRA
A31: TRABAJADOR | B31: JORNAL | C31: PRESTACION | D31: JORNAL TOTAL | E31: RENDIMIENTO | F31: VALOR UNIT.
A32: MANO DE OBRA FF INSTALACIONES ELECTRICAS INTERNAS | B32: =110000+70000 -> 180000 | C32: 1.6 | D32: =+C32*B32 -> 288000 | E32: 0.007640227 | F32: =+D32*E32 -> 2200.3854
F33: SUB-TOTAL | G33: =+SUM(F32:F32) -> 2200.3854
A34: 5. OTROS
A35: DESCRIPCION | C35: UNIDAD | D35: PRECIO UNIT. | E35: CANTIDAD | F35: VALOR UNIT.
F39: SUB-TOTAL | G39: =SUM(F36:F38) -> 0
D41: TOTAL COSTO DIRECTO | G41: =+ROUND(SUM(G39+G33+G29+G23+G15),0) -> 9300
A42: 6. COSTOS INDIRECTOS
A43: DESCRIPCION | C43: PORCENTAJE | E43: VALOR TOTAL
A44: ADMINISTRACION | D44: 0.29 | F44: =D44*G41 -> 2697
A45: IMPREVISTOS | D45: 0.01 | F45: =+G41*D45 -> 93
A46: UTILIDAD | D46: 0.05 | F46: =+G41*D46 -> 465
A47: UTILIDAD SOBRE UTILIDAD | D47: 0.19 | F47: =+F46*D47 -> 88.35
F48: SUB-TOTAL | G48: =+F44+F45+F46+F47 -> 3343.35
F51: PRECIO UNITARIO TOTAL | G51: =ROUND(G48+G41,0) -> 12643
A55: ELABORO
A56: ING. WILLIAN ESPINEL
A57: M.P 25202-359266

Sheet ITEM 3.01
A1: ANALISIS DE PRECIOS UNITARIOS
F3: FECHA: | G3: =+TODAY() -> 45621
A4: OBRA | B4: REALIZAR A PRECIOS UNITARIOS FIJOS LAS OBRAS DE ADECUACIÓN Y MANTENIMIENTO DE LAS INSTALACIONES ELÉCTRICAS, CABLEADO ESTRUCTURADO Y SISTEMA DE DETECCIÓN Y ALARMA CONTRA INCENDIOS DE LA SECCIONAL FLORENCIA.
A5: ITEM | B5: 3.01 | C5: =+'PRESUPUESTO FINAL '!B26 -> MANTENIMIENTO DEL CENTRO DE CABLEADO. INCLUYE REORGANIZACIÓN, PEINADO DE CABLES, MARQUILLADO, ORGANIZADORES DE CABLES, CINTA VELCRO Y TODO LO NECESARIO PARA SU ORGANIZACION.
A7: 1.- EQUIPO
A8: DESCRIPCION | C8: UNIDAD | D8: TARIFA /UNIDAD | E8: RENDIMIENTO | F8: VALOR UNIT. | G8: UNIDAD
G9: =+'PRESUPUESTO FINAL '!C26 -> Und
A10: HERRAMIENTA MENOR | F10: 600
F15: SUB-TOTAL | G15: =SUM(F10:F14) -> 600
A16: 2.- MATERIALES
A17: DESCRIPCION | C17: UNIDAD | D17: PRECIO UNIT. | E17: CANTIDAD | F17: VALOR UNIT.
F23: SUB-TOTAL | G23: =SUM(F18:F22) -> 0
A25: 3.- TRANSPORTES
A26: MATERIAL | B26: VOL O PESO | C26: UNIDAD | D26: M3 O TON./KM | E26: TARIFA | F26: VALOR UNIT.
F29: SUB-TOTAL | G29: =+SUM(F27:F28) -> 0
A30: 4.- MANO DE OBRA
A31: TRABAJADOR | B31: JORNAL | C31: PRESTACION | D31: JORNAL TOTAL | E31: RENDIMIENTO | F31: VALOR UNIT.
A32: MANO DE OBRA FF INSTALACIONES ELECTRICAS INTERNAS | B32: =110000+70000 -> 180000 | C32: 1.6 | D32: =+C32*B32 -> 288000 | E32: 8.0708332 | F32: =+D32*E32 -> 2324400
F33: SUB-TOTAL | G33: =+SUM(F32:F32) -> 2324400
A34: 5. OTROS
A35: DESCRIPCION | C35: UNIDAD | D35: PRECIO UNIT. | E35: CANTIDAD | F35: VALOR UNIT.
F39: SUB-TOTAL | G39: =SUM(F36:F38) -> 0
D41: TOTAL COSTO DIRECTO | G41: =+ROUND(SUM(G39+G33+G29+G23+G15),0) -> 2325000
A42: 6. COSTOS INDIRECTOS
A43: DESCRIPCION | C43: PORCENTAJE | E43: VALOR TOTAL
A44: ADMINISTRACION | D44: 0.29 | F44: =D44*G41 -> 674250
A45: IMPREVISTOS | D45: 0.01 | F45: =+G41*D45 -> 23250
A46: UTILIDAD | D46: 0.05 | F46: =+G41*D46 -> 116250
A47: UTILIDAD SOBRE UTILIDAD | D47: 0.19 | F47: =+F46*D47 -> 22087.5
F48: SUB-TOTAL | G48: =+F44+F45+F46+F47 -> 835837.5
F51: PRECIO UNITARIO TOTAL | G51: =ROUND(G48+G41,0) -> 3160838
A55: ELABORO
A56: ING. WILLIAN ESPINEL
A57: M.P 25202-359266

Sheet ITEM 3.02
A1: ANALISIS DE PRECIOS UNITARIOS
F3: FECHA: | G3: =+TODAY() -> 45621
A4: OBRA | B4: REALIZAR A PRECIOS UNITARIOS FIJOS LAS OBRAS DE ADECUACIÓN Y MANTENIMIENTO DE LAS INSTALACIONES ELÉCTRICAS, CABLEADO ESTRUCTURADO Y SISTEMA DE DETECCIÓN Y ALARMA CONTRA INCENDIOS DE LA SECCIONAL FLORENCIA.
A5: ITEM | B5: 3.02 | C5: =+'PRESUPUESTO FINAL '!B27 -> DESMONTE DE PUNTO DE CABLEADO ESTRUCTURADO EXISTENTE. INCLUYE PUNTO LÓGICO, TOMA REGULADA, TOMA NORMAL, CABLEADO, CANALETA Y DEMÁS ELEMENTOS
A7: 1.- EQUIPO
A8: DESCRIPCION | C8: UNIDAD | D8: TARIFA /UNIDAD | E8: RENDIMIENTO | F8: VALOR UNIT. | G8: UNIDAD
G9: =+'PRESUPUESTO FINAL '!C26 -> Und
A10: HERRAMIENTA MENOR | F10: 1133
F15: SUB-TOTAL | G15: =SUM(F10:F14) -> 1133
A16: 2.- MATERIALES
A17: DESCRIPCION | C17: UNIDAD | D17: PRECIO UNIT. | E17: CANTIDAD | F17: VALOR UNIT.
F23: SUB-TOTAL | G23: =SUM(F18:F22) -> 0
A25: 3.- TRANSPORTES
A26: MATERIAL | B26: VOL O PESO | C26: UNIDAD | D26: M3 O TON./KM | E26: TARIFA | F26: VALOR UNIT.
F29: SUB-TOTAL | G29: =+SUM(F27:F28) -> 0
A30: 4.- MANO DE OBRA
A31: TRABAJADOR | B31: JORNAL | C31: PRESTACION | D31: JORNAL TOTAL | E31: RENDIMIENTO | F31: VALOR UNIT.
A32: MANO DE OBRA FF INSTALACIONES ELECTRICAS INTERNAS | B32: =110000+70000 -> 180000 | C32: 1.6 | D32: =+C32*B32 -> 288000 | E32: 0.235 | F32: =+D32*E32 -> 67680
F33: SUB-TOTAL | G33: =+SUM(F32:F32) -> 67680
A34: 5. OTROS
A35: DESCRIPCION | C35: UNIDAD | D35: PRECIO UNIT. | E35: CANTIDAD | F35: VALOR UNIT.
F39: SUB-TOTAL | G39: =SUM(F36:F38) -> 0
D41: TOTAL COSTO DIRECTO | G41: =+ROUND(SUM(G39+G33+G29+G23+G15),0) -> 68813
A42: 6. COSTOS INDIRECTOS
A43: DESCRIPCION | C43: PORCENTAJE | E43: VALOR TOTAL
A44: ADMINISTRACION | D44: 0.29 | F44: =D44*G41 -> 19955.77
A45: IMPREVISTOS | D45: 0.01 | F45: =+G41*D45 -> 688.13
A46: UTILIDAD | D46: 0.05 | F46: =+G41*D46 -> 3440.65
A47: UTILIDAD SOBRE UTILIDAD | D47: 0.19 | F47: =+F46*D47 -> 653.7235
F48: SUB-TOTAL | G48: =+F44+F45+F46+F47 -> 24738.274
F51: PRECIO UNITARIO TOTAL | G51: =ROUND(G48+G41,0) -> 93551
A55: ELABORO
A56: ING. WILLIAN ESPINEL
A57: M.P 25202-359266

Sheet ITEM 3.03
A1: ANALISIS DE PRECIOS UNITARIOS
F3: FECHA: | G3: =+TODAY() -> 45621
A4: OBRA | B4: REALIZAR A PRECIOS UNITARIOS FIJOS LAS OBRAS DE ADECUACIÓN Y MANTENIMIENTO DE LAS INSTALACIONES ELÉCTRICAS, CABLEADO ESTRUCTURADO Y SISTEMA DE DETECCIÓN Y ALARMA CONTRA INCENDIOS DE LA SECCIONAL FLORENCIA.
A5: ITEM | B5: 3.03 | C5: =+'PRESUPUESTO FINAL '!B28 -> SUMINISTRO E INSTALACIÓN DE PUNTO LOGICO SENCILLO DE CABLEADO ESTRUCTURADO CAT. 6A, DESDE EL RACK, INCLUYE CERTIFICACIÓN, RED REGULADA Y NO REGULADA SEGUN ESPECIFICACIONES TÉCNICAS ANEXAS FLORENCIA
A7: 1.- EQUIPO
A8: DESCRIPCION | C8: UNIDAD | D8: TARIFA /UNIDAD | E8: RENDIMIENTO | F8: VALOR UNIT. | G8: UNIDAD
G9: =+'PRESUPUESTO FINAL '!C26 -> Und
A10: HERRAMIENTA MENOR | F10: 850
F15: SUB-TOTAL | G15: =SUM(F10:F14) -> 850
A16: 2.- MATERIALES
A17: DESCRIPCION | C17: UNIDAD | D17: PRECIO UNIT. | E17: CANTIDAD | F17: VALOR UNIT.
A19: ACCESORIOS COMO; Jack RJ445 Tipo hembra Categoria 6ª, Patch cord 7 fl categoria 6ª, Patch panel modular categoria 6 24 puertos 19", Marcacion, certificacion y pruebas 6ª, Face Plate 2 puertos, Patch cord 3 ft categoria 6 y demás accesorios requeridos | C19: GB | D19: 185000 | E19: 1 | F19: =+D19*E19 -> 185000
A20: PUL6AV04BU-EG CABLE UTP CATEGORIA 6A VARIMATRIX PANDUIT LSZH AZUL | C20: UND | D20: 4100 | E20: 1 | F20: =+D20*E20 -> 4100
F21: =+D21*E21 -> 0
F23: SUB-TOTAL | G23: =SUM(F19:F22) -> 189100
A25: 3.- TRANSPORTES
A26: MATERIAL | B26: VOL O PESO | C26: UNIDAD | D26: M3 O TON./KM | E26: TARIFA | F26: VALOR UNIT.
F29: SUB-TOTAL | G29: =+SUM(F27:F28) -> 0
A30: 4.- MANO DE OBRA
A31: TRABAJADOR | B31: JORNAL | C31: PRESTACION | D31: JORNAL TOTAL | E31: RENDIMIENTO | F31: VALOR UNIT.
A32: MANO DE OBRA FF INSTALACIONES ELECTRICAS INTERNAS | B32: =110000+70000 -> 180000 | C32: 1.6 | D32: =+C32*B32 -> 288000 | E32: 0.23744025 | F32: =+D32*E32 -> 68382.792
F33: SUB-TOTAL | G33: =+SUM(F32:F32) -> 68382.792
A34: 5. OTROS
A35: DESCRIPCION | C35: UNIDAD | D35: PRECIO UNIT. | E35: CANTIDAD | F35: VALOR UNIT.
F39: SUB-TOTAL | G39: =SUM(F36:F38) -> 0
D41: TOTAL COSTO DIRECTO | G41: =+ROUND(SUM(G39+G33+G29+G23+G15),0) -> 258333
A42: 6. COSTOS INDIRECTOS
A43: DESCRIPCION | C43: PORCENTAJE | E43: VALOR TOTAL
A44: ADMINISTRACION | D44: 0.29 | F44: =D44*G41 -> 74916.57
A45: IMPREVISTOS | D45: 0.01 | F45: =+G41*D45 -> 2583.33
A46: UTILIDAD | D46: 0.05 | F46: =+G41*D46 -> 12916.65
A47: UTILIDAD SOBRE UTILIDAD | D47: 0.19 | F47: =+F46*D47 -> 2454.1635
F48: SUB-TOTAL | G48: =+F44+F45+F46+F47 -> 92870.713
F51: PRECIO UNITARIO TOTAL | G51: =ROUND(G48+G41,0) -> 351204
A55: ELABORO
A56: ING. WILLIAN ESPINEL
A57: M.P 25202-359266

Sheet ITEM 3.04
A1: ANALISIS DE PRECIOS UNITARIOS
F3: FECHA: | G3: =+TODAY() -> 45621
A4: OBRA | B4: REALIZAR A PRECIOS UNITARIOS FIJOS LAS OBRAS DE ADECUACIÓN Y MANTENIMIENTO DE LAS INSTALACIONES ELÉCTRICAS, CABLEADO ESTRUCTURADO Y SISTEMA DE DETECCIÓN Y ALARMA CONTRA INCENDIOS DE LA SECCIONAL FLORENCIA.
A5: ITEM | B5: 3.04 | C5: =+'PRESUPUESTO FINAL '!B29 -> SUMINISTRO E INSTALACIÓN DE PUNTO LOGICO DOBLE DE CABLEADO ESTRUCTURADO CAT. 6A, DESDE EL RACK, INCLUYE CERTIFICACIÓN, RED REGULADA Y NO REGULADA SEGUN ESPECIFICACIONESTÉCNICAS ANEXAS FLORENCIA
A7: 1.- EQUIPO
A8: DESCRIPCION | C8: UNIDAD | D8: TARIFA /UNIDAD | E8: RENDIMIENTO | F8: VALOR UNIT. | G8: UNIDAD
G9: =+'PRESUPUESTO FINAL '!C26 -> Und
A10: HERRAMIENTA MENOR | F10: 850
F15: SUB-TOTAL | G15: =SUM(F10:F14) -> 850
A16: 2.- MATERIALES
A17: DESCRIPCION | C17: UNIDAD | D17: PRECIO UNIT. | E17: CANTIDAD | F17: VALOR UNIT.
A19: ACCESORIOS COMO; Jack RJ445 Tipo hembra Categoria 6ª, Patch cord 7 fl categoria 6ª, Patch panel modular categoria 6 24 puertos 19", Marcacion, certificacion y pruebas 6ª, Face Plate 2 puertos, Patch cord 3 ft categoria 6 y demás accesorios requeridos | C19: GB | D19: 286500 | E19: 1 | F19: =+D19*E19 -> 286500 | H19: =4100-3500 -> 600
A20: PUL6AV04BU-EG CABLE UTP CATEGORIA 6A VARIMATRIX PANDUIT LSZH AZUL | C20: UND | D20: 3400 | E20: 100 | F20: =+D20*E20 -> 340000
F21: =+D21*E21 -> 0
F23: SUB-TOTAL | G23: =SUM(F19:F22) -> 626500
A25: 3.- TRANSPORTES
A26: MATERIAL | B26: VOL O PESO | C26: UNIDAD | D26: M3 O TON./KM | E26: TARIFA | F26: VALOR UNIT.
F29: SUB-TOTAL | G29: =+SUM(F27:F28) -> 0
A30: 4.- MANO DE OBRA
A31: TRABAJADOR | B31: JORNAL | C31: PRESTACION | D31: JORNAL TOTAL | E31: RENDIMIENTO | F31: VALOR UNIT.
A32: MANO DE OBRA FF INSTALACIONES ELECTRICAS INTERNAS | B32: =110000+70000 -> 180000 | C32: 1.6 | D32: =+C32*B32 -> 288000 | E32: 4.5491324 | F32: =+D32*E32 -> 1310150.1
F33: SUB-TOTAL | G33: =+SUM(F32:F32) -> 1310150.1
A34: 5. OTROS
A35: DESCRIPCION | C35: UNIDAD | D35: PRECIO UNIT. | E35: CANTIDAD | F35: VALOR UNIT.
F39: SUB-TOTAL | G39: =SUM(F36:F38) -> 0
D41: TOTAL COSTO DIRECTO | G41: =+ROUND(SUM(G39+G33+G29+G23+G15),0) -> 1937500
A42: 6. COSTOS INDIRECTOS
A43: DESCRIPCION | C43: PORCENTAJE | E43: VALOR TOTAL
A44: ADMINISTRACION | D44: 0.29 | F44: =D44*G41 -> 561875
A45: IMPREVISTOS | D45: 0.01 | F45: =+G41*D45 -> 19375
A46: UTILIDAD | D46: 0.05 | F46: =+G41*D46 -> 96875
A47: UTILIDAD SOBRE UTILIDAD | D47: 0.19 | F47: =+F46*D47 -> 18406.25
F48: SUB-TOTAL | G48: =+F44+F45+F46+F47 -> 696531.25
F51: PRECIO UNITARIO TOTAL | G51: =ROUND(G48+G41,0) -> 2634031
A55: ELABORO
A56: ING. WILLIAN ESPINEL
A57: M.P 25202-359266

Sheet ITEM 3.05
A1: ANALISIS DE PRECIOS UNITARIOS
F3: FECHA: | G3: =+TODAY() -> 45621
A4: OBRA | B4: REALIZAR A PRECIOS UNITARIOS FIJOS LAS OBRAS DE ADECUACIÓN Y MANTENIMIENTO DE LAS INSTALACIONES ELÉCTRICAS, CABLEADO ESTRUCTURADO Y SISTEMA DE DETECCIÓN Y ALARMA CONTRA INCENDIOS DE LA SECCIONAL FLORENCIA.
A5: ITEM | B5: 3.05 | C5: =+'PRESUPUESTO FINAL '!B32 -> SUMINISTRO E INSTALACIÓN DE PUNTO LOGICO SENCILLO DE CABLEADO ESTRUCTURADO PARA IMPRESORA CAT. 6A, DESDE EL RACK, INCLUYE CERTIFICACIÓN, RED NO REGULADA SEGUN ESPECIFICACIONES TÉCNICAS ANEXAS FLORENCIA
A7: 1.- EQUIPO
A8: DESCRIPCION | C8: UNIDAD | D8: TARIFA /UNIDAD | E8: RENDIMIENTO | F8: VALOR UNIT. | G8: UNIDAD
G9: =+'PRESUPUESTO FINAL '!C26 -> Und
A10: HERRAMIENTA MENOR | F10: 850
F15: SUB-TOTAL | G15: =SUM(F10:F14) -> 850
A16: 2.- MATERIALES
A17: DESCRIPCION | C17: UNIDAD | D17: PRECIO UNIT. | E17: CANTIDAD | F17: VALOR UNIT.
A19: ACCESORIOS COMO; Jack RJ445 Tipo hembra Categoria 6ª, Patch cord 7 fl categoria 6ª, Patch panel modular categoria 6 24 puertos 19", Marcacion, certificacion y pruebas 6ª, Face Plate 2 puertos, Patch cord 3 ft categoria 6 y demás accesorios requeridos | C19: GB | D19: 236500 | E19: 1 | F19: =+D19*E19 -> 236500
A20: PUL6AV04BU-EG CABLE UTP CATEGORIA 6A VARIMATRIX PANDUIT LSZH AZUL | C20: UND | D20: 3400 | E20: 100 | F20: =+D20*E20 -> 340000
F21: =+D21*E21 -> 0
F23: SUB-TOTAL | G23: =SUM(F19:F22) -> 576500
A25: 3.- TRANSPORTES
A26: MATERIAL | B26: VOL O PESO | C26: UNIDAD | D26: M3 O TON./KM | E26: TARIFA | F26: VALOR UNIT.
F29: SUB-TOTAL | G29: =+SUM(F27:F28) -> 0
A30: 4.- MANO DE OBRA
A31: TRABAJADOR | B31: JORNAL | C31: PRESTACION | D31: JORNAL TOTAL | E31: RENDIMIENTO | F31: VALOR UNIT.
A32: MANO DE OBRA FF INSTALACIONES ELECTRICAS INTERNAS | B32: =110000+70000 -> 180000 | C32: 1.6 | D32: =+C32*B32 -> 288000 | E32: 4.0500017 | F32: =+D32*E32 -> 1166400.5
F33: SUB-TOTAL | G33: =+SUM(F32:F32) -> 1166400.5
A34: 5. OTROS
A35: DESCRIPCION | C35: UNIDAD | D35: PRECIO UNIT. | E35: CANTIDAD | F35: VALOR UNIT.
F39: SUB-TOTAL | G39: =SUM(F36:F38) -> 0
D41: TOTAL COSTO DIRECTO | G41: =+ROUND(SUM(G39+G33+G29+G23+G15),0) -> 1743750
A42: 6. COSTOS INDIRECTOS
A43: DESCRIPCION | C43: PORCENTAJE | E43: VALOR TOTAL
A44: ADMINISTRACION | D44: 0.29 | F44: =D44*G41 -> 505687.5
A45: IMPREVISTOS | D45: 0.01 | F45: =+G41*D45 -> 17437.5
A46: UTILIDAD | D46: 0.05 | F46: =+G41*D46 -> 87187.5
A47: UTILIDAD SOBRE UTILIDAD | D47: 0.19 | F47: =+F46*D47 -> 16565.625
F48: SUB-TOTAL | G48: =+F44+F45+F46+F47 -> 626878.12
F51: PRECIO UNITARIO TOTAL | G51: =ROUND(G48+G41,0) -> 2370628
A55: ELABORO
A56: ING. WILLIAN ESPINEL
A57: M.P 25202-359266

Sheet NP-01
A1: ANALISIS DE PRECIOS UNITARIOS
F3: FECHA: | G3: =+TODAY() -> 45621
A4: OBRA | B4: REALIZAR A PRECIOS UNITARIOS FIJOS LAS OBRAS DE ADECUACIÓN Y MANTENIMIENTO DE LAS INSTALACIONES ELÉCTRICAS, CABLEADO ESTRUCTURADO Y SISTEMA DE DETECCIÓN Y ALARMA CONTRA INCENDIOS DE LA SECCIONAL FLORENCIA.
A5: ITEM | B5: NP-01 | C5: =+'PRESUPUESTO FINAL '!B33 -> SUMINISTRO E INSTALCIÓN DE CABLE UTP CATAGORIA 6A.
A7: 1.- EQUIPO
A8: DESCRIPCION | C8: UNIDAD | D8: TARIFA /UNIDAD | E8: RENDIMIENTO | F8: VALOR UNIT. | G8: UNIDAD
G9: =+'PRESUPUESTO FINAL '!C26 -> Und
A10: HERRAMIENTA MENOR | F10: 0
F15: SUB-TOTAL | G15: =SUM(F10:F14) -> 0
A16: 2.- MATERIALES
A17: DESCRIPCION | C17: UNIDAD | D17: PRECIO UNIT. | E17: CANTIDAD | F17: VALOR UNIT.
A19: PUL6AV04BU-EG CABLE UTP CATEGORIA 6A VARIMATRIX PANDUIT LSZH AZUL | C19: UND | D19: 3400 | E19: 1 | F19: =+D19*E19 -> 3400
F20: =+D20*E20 -> 0
F22: SUB-TOTAL | G22: =SUM(F19:F21) -> 3400
A24: 3.- TRANSPORTES
A25: MATERIAL | B25: VOL O PESO | C25: UNIDAD | D25: M3 O TON./KM | E25: TARIFA | F25: VALOR UNIT.
F28: SUB-TOTAL | G28: =+SUM(F26:F27) -> 0
A29: 4.- MANO DE OBRA
A30: TRABAJADOR | B30: JORNAL | C30: PRESTACION | D30: JORNAL TOTAL | E30: RENDIMIENTO | F30: VALOR UNIT.
A31: MANO DE OBRA FF INSTALACIONES ELECTRICAS INTERNAS | B31: =110000+70000 -> 180000 | C31: 1.6 | D31: =+C31*B31 -> 288000 | E31: 0.0024305565 | F31: =+D31*E31 -> 700.00029
F32: SUB-TOTAL | G32: =+SUM(F31:F31) -> 700.00029
A33: 5. OTROS
A34: DESCRIPCION | C34: UNIDAD | D34: PRECIO UNIT. | E34: CANTIDAD | F34: VALOR UNIT.
F38: SUB-TOTAL | G38: =SUM(F35:F37) -> 0
D40: TOTAL COSTO DIRECTO | G40: =+ROUND(SUM(G38+G32+G28+G22+G15),0) -> 4100
A41: 6. COSTOS INDIRECTOS
A42: DESCRIPCION | C42: PORCENTAJE | E42: VALOR TOTAL
A43: ADMINISTRACION | D43: 0.29 | F43: =D43*G40 -> 1189
A44: IMPREVISTOS | D44: 0.01 | F44: =+G40*D44 -> 41
A45: UTILIDAD | D45: 0.05 | F45: =+G40*D45 -> 205
A46: UTILIDAD SOBRE UTILIDAD | D46: 0.19 | F46: =+F45*D46 -> 38.95
F47: SUB-TOTAL | G47: =+F43+F44+F45+F46 -> 1473.95
F50: PRECIO UNITARIO TOTAL | G50: =ROUND(G47+G40,0) -> 5574
A54: ELABORO
A55: ING. WILLIAN ESPINEL
A56: M.P 25202-359266

Sheet NP-02
A1: ANALISIS DE PRECIOS UNITARIOS
F3: FECHA: | G3: =+TODAY() -> 45621
A4: OBRA | B4: REALIZAR A PRECIOS UNITARIOS FIJOS LAS OBRAS DE ADECUACIÓN Y MANTENIMIENTO DE LAS INSTALACIONES ELÉCTRICAS, CABLEADO ESTRUCTURADO Y SISTEMA DE DETECCIÓN Y ALARMA CONTRA INCENDIOS DE LA SECCIONAL FLORENCIA.
A5: ITEM | B5: NP-02 | C5: =+'PRESUPUESTO FINAL '!B34 -> DESMONTE DE CIELORASO EXISTENTE EN DRYWALL . INCLUYE RETIRO DE SOBRANTES A SITIOS AUTORIZADOS
A7: 1.- EQUIPO
A8: DESCRIPCION | C8: UNIDAD | D8: TARIFA /UNIDAD | E8: RENDIMIENTO | F8: VALOR UNIT. | G8: UNIDAD
G9: =+'PRESUPUESTO FINAL '!C34 -> M
A10: HERRAMIENTA MENOR | F10: 150
F15: SUB-TOTAL | G15: =SUM(F10:F14) -> 150
A16: 2.- MATERIALES
A17: DESCRIPCION | C17: UNIDAD | D17: PRECIO UNIT. | E17: CANTIDAD | F17: VALOR UNIT.
F22: SUB-TOTAL | G22: =SUM(F19:F21) -> 0
A24: 3.- TRANSPORTES
A25: MATERIAL | B25: VOL O PESO | C25: UNIDAD | D25: M3 O TON./KM | E25: TARIFA | F25: VALOR UNIT.
A26: TRANSPORTE | C26: GB | D26: 1 | E26: 8500 | F26: =+D26*E26 -> 8500
F28: SUB-TOTAL | G28: =+SUM(F26:F27) -> 8500
A29: 4.- MANO DE OBRA
A30: TRABAJADOR | B30: JORNAL | C30: PRESTACION | D30: JORNAL TOTAL | E30: RENDIMIENTO | F30: VALOR UNIT.
A31: MANO DE OBRA CUADRILLA CC -PINTURA | B31: =95000+60000 -> 155000 | C31: 1.6 | D31: =+C31*B31 -> 248000 | E31: 0.055848232 | F31: =+D31*E31 -> 13850.362
F32: SUB-TOTAL | G32: =+SUM(F31:F31) -> 13850.362
A33: 5. OTROS
A34: DESCRIPCION | C34: UNIDAD | D34: PRECIO UNIT. | E34: CANTIDAD | F34: VALOR UNIT.
F38: SUB-TOTAL | G38: =SUM(F35:F37) -> 0
D40: TOTAL COSTO DIRECTO | G40: =+ROUND(SUM(G38+G32+G28+G22+G15),0) -> 22500
A41: 6. COSTOS INDIRECTOS
A42: DESCRIPCION | C42: PORCENTAJE | E42: VALOR TOTAL
A43: ADMINISTRACION | D43: 0.29 | F43: =D43*G40 -> 6525
A44: IMPREVISTOS | D44: 0.01 | F44: =+G40*D44 -> 225
A45: UTILIDAD | D45: 0.05 | F45: =+G40*D45 -> 1125
A46: UTILIDAD SOBRE UTILIDAD | D46: 0.19 | F46: =+F45*D46 -> 213.75
F47: SUB-TOTAL | G47: =+F43+F44+F45+F46 -> 8088.75
F50: PRECIO UNITARIO TOTAL | G50: =ROUND(G47+G40,0) -> 30589
A54: ELABORO
A55: ING. WILLIAN ESPINEL
A56: M.P 25202-359266

Sheet NP-03
A1: ANALISIS DE PRECIOS UNITARIOS
F3: FECHA: | G3: =+TODAY() -> 45621
A4: OBRA | B4: REALIZAR A PRECIOS UNITARIOS FIJOS LAS OBRAS DE ADECUACIÓN Y MANTENIMIENTO DE LAS INSTALACIONES ELÉCTRICAS, CABLEADO ESTRUCTURADO Y SISTEMA DE DETECCIÓN Y ALARMA CONTRA INCENDIOS DE LA SECCIONAL FLORENCIA.
A5: ITEM | B5: NP-03 | C5: =+'PRESUPUESTO FINAL '!B35 -> SUMINISTRO DE CIELORASO EN DRYWALL, INCLUYE , ESTRUCTURA, TORNILLERIA, CINTA, MASILLA Y PINTURA DE ACABADO
A7: 1.- EQUIPO
A8: DESCRIPCION | C8: UNIDAD | D8: TARIFA /UNIDAD | E8: RENDIMIENTO | F8: VALOR UNIT. | G8: UNIDAD
G9: =+'PRESUPUESTO FINAL '!C35 -> M
A10: HERRAMIENTA MENOR | F10: 200
F15: SUB-TOTAL | G15: =SUM(F10:F14) -> 200
A16: 2.- MATERIALES
A17: DESCRIPCION | C17: UNIDAD | D17: PRECIO UNIT. | E17: CANTIDAD | F17: VALOR UNIT.
A18: PLACA YESO 1/2" 1.22X2.44 | C18: UND | D18: 44500 | E18: 0.4 | F18: =+D18*E18 -> 17800
A19: ESTRUCTURA METALICA, TORNILLERIA, CINTA Y PINTURA DE ACABADO TIPO 1 | C19: GB | D19: 13500 | E19: 1 | F19: =+D19*E19 -> 13500
F22: SUB-TOTAL | G22: =SUM(F18:F21) -> 31300
A24: 3.- TRANSPORTES
A25: MATERIAL | B25: VOL O PESO | C25: UNIDAD | D25: M3 O TON./KM | E25: TARIFA | F25: VALOR UNIT.
A26: TRANSPORTE | C26: GB | D26: 1 | E26: 8500 | F26: =+D26*E26 -> 8500
F28: SUB-TOTAL | G28: =+SUM(F26:F27) -> 8500
A29: 4.- MANO DE OBRA
A30: TRABAJADOR | B30: JORNAL | C30: PRESTACION | D30: JORNAL TOTAL | E30: RENDIMIENTO | F30: VALOR UNIT.
A31: MANO DE OBRA CUADRILLA CC -PINTURA | B31: =95000+60000 -> 155000 | C31: 1.6 | D31: =+C31*B31 -> 248000 | E31: 0.18346648 | F31: =+D31*E31 -> 45499.688
F32: SUB-TOTAL | G32: =+SUM(F31:F31) -> 45499.688
A33: 5. OTROS
A34: DESCRIPCION | C34: UNIDAD | D34: PRECIO UNIT. | E34: CANTIDAD | F34: VALOR UNIT.
F38: SUB-TOTAL | G38: =SUM(F35:F37) -> 0
D40: TOTAL COSTO DIRECTO | G40: =+ROUND(SUM(G38+G32+G28+G22+G15),0) -> 85500
A41: 6. COSTOS INDIRECTOS
A42: DESCRIPCION | C42: PORCENTAJE | E42: VALOR TOTAL
A43: ADMINISTRACION | D43: 0.29 | F43: =D43*G40 -> 24795
A44: IMPREVISTOS | D44: 0.01 | F44: =+G40*D44 -> 855
A45: UTILIDAD | D45: 0.05 | F45: =+G40*D45 -> 4275
A46: UTILIDAD SOBRE UTILIDAD | D46: 0.19 | F46: =+F45*D46 -> 812.25
F47: SUB-TOTAL | G47: =+F43+F44+F45+F46 -> 30737.25
F50: PRECIO UNITARIO TOTAL | G50: =ROUND(G47+G40,0) -> 116237
A54: ELABORO
A55: ING. WILLIAN ESPINEL
A56: M.P 25202-359266

Sheet NP-04
A1: ANALISIS DE PRECIOS UNITARIOS
F3: FECHA: | G3: =+TODAY() -> 45621
A4: OBRA | B4: REALIZAR A PRECIOS UNITARIOS FIJOS LAS OBRAS DE ADECUACIÓN Y MANTENIMIENTO DE LAS INSTALACIONES ELÉCTRICAS, CABLEADO ESTRUCTURADO Y SISTEMA DE DETECCIÓN Y ALARMA CONTRA INCENDIOS DE LA SECCIONAL FLORENCIA.
A5: ITEM | B5: NP-04 | C5: =+'PRESUPUESTO FINAL '!B36 -> DESMONTE Y MONTE DE CIELORASO EXISTENTE DE 60X60 CM
A7: 1.- EQUIPO
A8: DESCRIPCION | C8: UNIDAD | D8: TARIFA /UNIDAD | E8: RENDIMIENTO | F8: VALOR UNIT. | G8: UNIDAD
G9: =+'PRESUPUESTO FINAL '!C35 -> M
A10: HERRAMIENTA MENOR | F10: 200
F15: SUB-TOTAL | G15: =SUM(F10:F14) -> 200
A16: 2.- MATERIALES
A17: DESCRIPCION | C17: UNIDAD | D17: PRECIO UNIT. | E17: CANTIDAD | F17: VALOR UNIT.
F21: SUB-TOTAL | G21: =SUM(F18:F20) -> 0
A23: 3.- TRANSPORTES
A24: MATERIAL | B24: VOL O PESO | C24: UNIDAD | D24: M3 O TON./KM | E24: TARIFA | F24: VALOR UNIT.
F27: SUB-TOTAL | G27: =+SUM(F25:F26) -> 0
A28: 4.- MANO DE OBRA
A29: TRABAJADOR | B29: JORNAL | C29: PRESTACION | D29: JORNAL TOTAL | E29: RENDIMIENTO | F29: VALOR UNIT.
A30: MANO DE OBRA CUADRILLA CC -PINTURA | B30: =95000+60000 -> 155000 | C30: 1.6 | D30: =+C30*B30 -> 248000 | E30: 0.06975787 | F30: =+D30*E30 -> 17299.952
F31: SUB-TOTAL | G31: =+SUM(F30:F30) -> 17299.952
A32: 5. OTROS
A33: DESCRIPCION | C33: UNIDAD | D33: PRECIO UNIT. | E33: CANTIDAD | F33: VALOR UNIT.
F37: SUB-TOTAL | G37: =SUM(F34:F36) -> 0
D39: TOTAL COSTO DIRECTO | G39: =+ROUND(SUM(G37+G31+G27+G21+G15),0) -> 17500
A40: 6. COSTOS INDIRECTOS
A41: DESCRIPCION | C41: PORCENTAJE | E41: VALOR TOTAL
A42: ADMINISTRACION | D42: 0.29 | F42: =D42*G39 -> 5075
A43: IMPREVISTOS | D43: 0.01 | F43: =+G39*D43 -> 175
A44: UTILIDAD | D44: 0.05 | F44: =+G39*D44 -> 875
A45: UTILIDAD SOBRE UTILIDAD | D45: 0.19 | F45: =+F44*D45 -> 166.25
F46: SUB-TOTAL | G46: =+F42+F43+F44+F45 -> 6291.25
F49: PRECIO UNITARIO TOTAL | G49: =ROUND(G46+G39,0) -> 23791
A53: ELABORO
A54: ING. WILLIAN ESPINEL
A55: M.P 25202-359266

Sheet NP-05
A1: ANALISIS DE PRECIOS UNITARIOS
F3: FECHA: | G3: =+TODAY() -> 45621
A4: OBRA | B4: REALIZAR A PRECIOS UNITARIOS FIJOS LAS OBRAS DE ADECUACIÓN Y MANTENIMIENTO DE LAS INSTALACIONES ELÉCTRICAS, CABLEADO ESTRUCTURADO Y SISTEMA DE DETECCIÓN Y ALARMA CONTRA INCENDIOS DE LA SECCIONAL FLORENCIA.
A5: ITEM | B5: NP-05 | C5: =+'PRESUPUESTO FINAL '!B37 -> SUMNISTRO E INSTALACION DE CANALETA METALICA DE 12X5 CM
A7: 1.- EQUIPO
A8: DESCRIPCION | C8: UNIDAD | D8: TARIFA /UNIDAD | E8: RENDIMIENTO | F8: VALOR UNIT. | G8: UNIDAD
G9: =+'PRESUPUESTO FINAL '!C37 -> M
A10: HERRAMIENTA MENOR | F10: 200
F15: SUB-TOTAL | G15: =SUM(F10:F14) -> 200
A16: 2.- MATERIALES
A17: DESCRIPCION | C17: UNIDAD | D17: PRECIO UNIT. | E17: CANTIDAD | F17: VALOR UNIT.
A18: CANALETA METALICA DE 12X5 | C18: M | D18: 28800 | E18: 1 | F18: =+E18*D18 -> 28800
A19: CHAZO PUNTILLA DE 1X1-1/4" | C19: UND | D19: 150 | E19: 6 | F19: =+E19*D19 -> 900
F21: SUB-TOTAL | G21: =SUM(F18:F20) -> 29700
A23: 3.- TRANSPORTES
A24: MATERIAL | B24: VOL O PESO | C24: UNIDAD | D24: M3 O TON./KM | E24: TARIFA | F24: VALOR UNIT.
F27: SUB-TOTAL | G27: =+SUM(F25:F26) -> 0
A28: 4.- MANO DE OBRA
A29: TRABAJADOR | B29: JORNAL | C29: PRESTACION | D29: JORNAL TOTAL | E29: RENDIMIENTO | F29: VALOR UNIT.
A30: MANO DE OBRA FF INSTALACIONES ELECTRICAS INTERNAS | B30: =110000+70000 -> 180000 | C30: 1.6 | D30: =+C30*B30 -> 288000 | E30: 0.13485194 | F30: =+D30*E30 -> 38837.36
F31: SUB-TOTAL | G31: =+SUM(F30:F30) -> 38837.36
A32: 5. OTROS
A33: DESCRIPCION | C33: UNIDAD | D33: PRECIO UNIT. | E33: CANTIDAD | F33: VALOR UNIT.
F37: SUB-TOTAL | G37: =SUM(F34:F36) -> 0
D39: TOTAL COSTO DIRECTO | G39: =+ROUND(SUM(G37+G31+G27+G21+G15),0) -> 68737
A40: 6. COSTOS INDIRECTOS
A41: DESCRIPCION | C41: PORCENTAJE | E41: VALOR TOTAL
A42: ADMINISTRACION | D42: 0.29 | F42: =D42*G39 -> 19933.73
A43: IMPREVISTOS | D43: 0.01 | F43: =+G39*D43 -> 687.37
A44: UTILIDAD | D44: 0.05 | F44: =+G39*D44 -> 3436.85
A45: UTILIDAD SOBRE UTILIDAD | D45: 0.19 | F45: =+F44*D45 -> 653.0015
F46: SUB-TOTAL | G46: =+F42+F43+F44+F45 -> 24710.951
F49: PRECIO UNITARIO TOTAL | G49: =ROUND(G46+G39,0) -> 93448
A53: ELABORO
A54: ING. WILLIAN ESPINEL
A55: M.P 25202-359266

Sheet NP-06
A1: ANALISIS DE PRECIOS UNITARIOS
F3: FECHA: | G3: =+TODAY() -> 45621
A4: OBRA | B4: REALIZAR A PRECIOS UNITARIOS FIJOS LAS OBRAS DE ADECUACIÓN Y MANTENIMIENTO DE LAS INSTALACIONES ELÉCTRICAS, CABLEADO ESTRUCTURADO Y SISTEMA DE DETECCIÓN Y ALARMA CONTRA INCENDIOS DE LA SECCIONAL FLORENCIA.
A5: ITEM | B5: NP-06 | C5: =+'PRESUPUESTO FINAL '!B38 -> CONFIGURACION DE TARJETA DE RED CONTRAINCENDIO
A7: 1.- EQUIPO
A8: DESCRIPCION | C8: UNIDAD | D8: TARIFA /UNIDAD | E8: RENDIMIENTO | F8: VALOR UNIT. | G8: UNIDAD
G9: =+'PRESUPUESTO FINAL '!C37 -> M
A10: HERRAMIENTA MENOR | F10: 4500
F15: SUB-TOTAL | G15: =SUM(F10:F14) -> 4500
A16: 2.- MATERIALES
A17: DESCRIPCION | C17: UNIDAD | D17: PRECIO UNIT. | E17: CANTIDAD | F17: VALOR UNIT.
F21: SUB-TOTAL | G21: =SUM(F18:F20) -> 0
A23: 3.- TRANSPORTES
A24: MATERIAL | B24: VOL O PESO | C24: UNIDAD | D24: M3 O TON./KM | E24: TARIFA | F24: VALOR UNIT.
F27: SUB-TOTAL | G27: =+SUM(F25:F26) -> 0
A28: 4.- MANO DE OBRA
A29: TRABAJADOR | B29: JORNAL | C29: PRESTACION | D29: JORNAL TOTAL | E29: RENDIMIENTO | F29: VALOR UNIT.
A30: MANO DE OBRA FF INSTALACIONES ELECTRICAS INTERNAS | B30: =110000+70000 -> 180000 | C30: 1.6 | D30: =+C30*B30 -> 288000 | E30: 1.5468761 | F30: =+D30*E30 -> 445500.32
F31: SUB-TOTAL | G31: =+SUM(F30:F30) -> 445500.32
A32: 5. OTROS
A33: DESCRIPCION | C33: UNIDAD | D33: PRECIO UNIT. | E33: CANTIDAD | F33: VALOR UNIT.
F37: SUB-TOTAL | G37: =SUM(F34:F36) -> 0
D39: TOTAL COSTO DIRECTO | G39: =+ROUND(SUM(G37+G31+G27+G21+G15),0) -> 450000
A40: 6. COSTOS INDIRECTOS
A41: DESCRIPCION | C41: PORCENTAJE | E41: VALOR TOTAL
A42: ADMINISTRACION | D42: 0.29 | F42: =D42*G39 -> 130500
A43: IMPREVISTOS | D43: 0.01 | F43: =+G39*D43 -> 4500
A44: UTILIDAD | D44: 0.05 | F44: =+G39*D44 -> 22500
A45: UTILIDAD SOBRE UTILIDAD | D45: 0.19 | F45: =+F44*D45 -> 4275
F46: SUB-TOTAL | G46: =+F42+F43+F44+F45 -> 161775
F49: PRECIO UNITARIO TOTAL | G49: =ROUND(G46+G39,0) -> 611775
A53: ELABORO
A54: ING. WILLIAN ESPINEL
A55: M.P 25202-359266

Sheet NP-07
A1: ANALISIS DE PRECIOS UNITARIOS
F3: FECHA: | G3: =+TODAY() -> 45621
A4: OBRA | B4: REALIZAR A PRECIOS UNITARIOS FIJOS LAS OBRAS DE ADECUACIÓN Y MANTENIMIENTO DE LAS INSTALACIONES ELÉCTRICAS, CABLEADO ESTRUCTURADO Y SISTEMA DE DETECCIÓN Y ALARMA CONTRA INCENDIOS DE LA SECCIONAL FLORENCIA.
A5: ITEM | B5: NP-07 | C5: =+'PRESUPUESTO FINAL '!B39 -> SUMINISTRO E INSTLACION DE TUBERIA EMT DE 1/2". INCLUYE, CURVAS, TERMINALES, CHAZOS Y ABRAZARAS Y DEMAS ELEMENTOS NECESARIOS.
A7: 1.- EQUIPO
A8: DESCRIPCION | C8: UNIDAD | D8: TARIFA /UNIDAD | E8: RENDIMIENTO | F8: VALOR UNIT. | G8: UNIDAD
G9: =+'PRESUPUESTO FINAL '!C37 -> M
A10: HERRAMIENTA MENOR | F10: 200
F15: SUB-TOTAL | G15: =SUM(F10:F14) -> 200
A16: 2.- MATERIALES
A17: DESCRIPCION | C17: UNIDAD | D17: PRECIO UNIT. | E17: CANTIDAD | F17: VALOR UNIT.
A18: TUBO EMTDE 1/2" | C18: M | D18: 7500 | E18: 1 | F18: =+E18*D18 -> 7500
A19: CHAZO PUNTILLA DE 1X1-1/4", CURVA EMT, ADAPTADO TERMINAL EMT, UNION EMT | C19: GB | D19: 4800 | E19: 1 | F19: =+E19*D19 -> 4800
F21: SUB-TOTAL | G21: =SUM(F18:F20) -> 12300
A23: 3.- TRANSPORTES
A24: MATERIAL | B24: VOL O PESO | C24: UNIDAD | D24: M3 O TON./KM | E24: TARIFA | F24: VALOR UNIT.
F27: SUB-TOTAL | G27: =+SUM(F25:F26) -> 0
A28: 4.- MANO DE OBRA
A29: TRABAJADOR | B29: JORNAL | C29: PRESTACION | D29: JORNAL TOTAL | E29: RENDIMIENTO | F29: VALOR UNIT.
A30: MANO DE OBRA FF INSTALACIONES ELECTRICAS INTERNAS | B30: =110000+70000 -> 180000 | C30: 1.6 | D30: =+C30*B30 -> 288000 | E30: 0.039374936 | F30: =+D30*E30 -> 11339.982
F31: SUB-TOTAL | G31: =+SUM(F30:F30) -> 11339.982
A32: 5. OTROS
A33: DESCRIPCION | C33: UNIDAD | D33: PRECIO UNIT. | E33: CANTIDAD | F33: VALOR UNIT.
F37: SUB-TOTAL | G37: =SUM(F34:F36) -> 0
D39: TOTAL COSTO DIRECTO | G39: =+ROUND(SUM(G37+G31+G27+G21+G15),0) -> 23840
A40: 6. COSTOS INDIRECTOS
A41: DESCRIPCION | C41: PORCENTAJE | E41: VALOR TOTAL
A42: ADMINISTRACION | D42: 0.29 | F42: =D42*G39 -> 6913.6
A43: IMPREVISTOS | D43: 0.01 | F43: =+G39*D43 -> 238.4
A44: UTILIDAD | D44: 0.05 | F44: =+G39*D44 -> 1192
A45: UTILIDAD SOBRE UTILIDAD | D45: 0.19 | F45: =+F44*D45 -> 226.48
F46: SUB-TOTAL | G46: =+F42+F43+F44+F45 -> 8570.48
F49: PRECIO UNITARIO TOTAL | G49: =ROUND(G46+G39,0) -> 32410
A53: ELABORO
A54: ING. WILLIAN ESPINEL
A55: M.P 25202-359266

Sheet NP-08
A1: ANALISIS DE PRECIOS UNITARIOS
F3: FECHA: | G3: =+TODAY() -> 45621
A4: OBRA | B4: REALIZAR A PRECIOS UNITARIOS FIJOS LAS OBRAS DE ADECUACIÓN Y MANTENIMIENTO DE LAS INSTALACIONES ELÉCTRICAS, CABLEADO ESTRUCTURADO Y SISTEMA DE DETECCIÓN Y ALARMA CONTRA INCENDIOS DE LA SECCIONAL FLORENCIA.
A5: ITEM | B5: NP-08 | C5: =+'PRESUPUESTO FINAL '!B40 -> REUBICACION DE PUNTOS DE DETECTOR DE HUMO. INCLUYE DESMONTE DE PARATO, DESMONTE DE CABLEADO, UBICACIÓN FINAL DEL SENSOR Y COLOCACION DE APARATO NUEVAMENTE
A7: 1.- EQUIPO
A8: DESCRIPCION | C8: UNIDAD | D8: TARIFA /UNIDAD | E8: RENDIMIENTO | F8: VALOR UNIT. | G8: UNIDAD
G9: =+'PRESUPUESTO FINAL '!C40 -> Und
A10: HERRAMIENTA MENOR | F10: 200
F15: SUB-TOTAL | G15: =SUM(F10:F14) -> 200
A16: 2.- MATERIALES
A17: DESCRIPCION | C17: UNIDAD | D17: PRECIO UNIT. | E17: CANTIDAD | F17: VALOR UNIT.
F21: SUB-TOTAL | G21: =SUM(F18:F20) -> 0
A23: 3.- TRANSPORTES
A24: MATERIAL | B24: VOL O PESO | C24: UNIDAD | D24: M3 O TON./KM | E24: TARIFA | F24: VALOR UNIT.
F27: SUB-TOTAL | G27: =+SUM(F25:F26) -> 0
A28: 4.- MANO DE OBRA
A29: TRABAJADOR | B29: JORNAL | C29: PRESTACION | D29: JORNAL TOTAL | E29: RENDIMIENTO | F29: VALOR UNIT.
A30: MANO DE OBRA FF INSTALACIONES ELECTRICAS INTERNAS | B30: =110000+70000 -> 180000 | C30: 1.6 | D30: =+C30*B30 -> 288000 | E30: 0.26840373 | F30: =+D30*E30 -> 77300.275
F31: SUB-TOTAL | G31: =+SUM(F30:F30) -> 77300.275
A32: 5. OTROS
A33: DESCRIPCION | C33: UNIDAD | D33: PRECIO UNIT. | E33: CANTIDAD | F33: VALOR UNIT.
F37: SUB-TOTAL | G37: =SUM(F34:F36) -> 0
D39: TOTAL COSTO DIRECTO | G39: =+ROUND(SUM(G37+G31+G27+G21+G15),0) -> 77500
A40: 6. COSTOS INDIRECTOS
A41: DESCRIPCION | C41: PORCENTAJE | E41: VALOR TOTAL
A42: ADMINISTRACION | D42: 0.29 | F42: =D42*G39 -> 22475
A43: IMPREVISTOS | D43: 0.01 | F43: =+G39*D43 -> 775
A44: UTILIDAD | D44: 0.05 | F44: =+G39*D44 -> 3875
A45: UTILIDAD SOBRE UTILIDAD | D45: 0.19 | F45: =+F44*D45 -> 736.25
F46: SUB-TOTAL | G46: =+F42+F43+F44+F45 -> 27861.25
F49: PRECIO UNITARIO TOTAL | G49: =ROUND(G46+G39,0) -> 105361
A53: ELABORO
A54: ING. WILLIAN ESPINEL
A55: M.P 25202-359266

Sheet NP-09
A1: ANALISIS DE PRECIOS UNITARIOS
F3: FECHA: | G3: =+TODAY() -> 45621
A4: OBRA | B4: REALIZAR A PRECIOS UNITARIOS FIJOS LAS OBRAS DE ADECUACIÓN Y MANTENIMIENTO DE LAS INSTALACIONES ELÉCTRICAS, CABLEADO ESTRUCTURADO Y SISTEMA DE DETECCIÓN Y ALARMA CONTRA INCENDIOS DE LA SECCIONAL FLORENCIA.
A5: ITEM | B5: NP-09 | C5: =+'PRESUPUESTO FINAL '!B40 -> REUBICACION DE PUNTOS DE DETECTOR DE HUMO. INCLUYE DESMONTE DE PARATO, DESMONTE DE CABLEADO, UBICACIÓN FINAL DEL SENSOR Y COLOCACION DE APARATO NUEVAMENTE
A7: 1.- EQUIPO
A8: DESCRIPCION | C8: UNIDAD | D8: TARIFA /UNIDAD | E8: RENDIMIENTO | F8: VALOR UNIT. | G8: UNIDAD
G9: =+'PRESUPUESTO FINAL '!C41 -> M2
A10: HERRAMIENTA MENOR | F10: 150
F15: SUB-TOTAL | G15: =SUM(F10:F14) -> 150
A16: 2.- MATERIALES
A17: DESCRIPCION | C17: UNIDAD | D17: PRECIO UNIT. | E17: CANTIDAD | F17: VALOR UNIT.
A18: VINILO TIPO 1 | C18: GN | D18: 95000 | E18: 0.14 | F18: =+D18*E18 -> 13300
A19: BROCHA MONA DE 3" | C19: UND | D19: 9800 | E19: 0.05 | F19: =+D19*E19 -> 490
A20: RODILLO MASTER | C20: UND | D20: 16500 | E20: 0.05 | F20: =+D20*E20 -> 825
F21: SUB-TOTAL | G21: =SUM(F18:F20) -> 14615
A23: 3.- TRANSPORTES
A24: MATERIAL | B24: VOL O PESO | C24: UNIDAD | D24: M3 O TON./KM | E24: TARIFA | F24: VALOR UNIT.
F27: SUB-TOTAL | G27: =+SUM(F25:F26) -> 0
A28: 4.- MANO DE OBRA
A29: TRABAJADOR | B29: JORNAL | C29: PRESTACION | D29: JORNAL TOTAL | E29: RENDIMIENTO | F29: VALOR UNIT.
A30: MANO DE OBRA CUADRILLA CC -PINTURA | B30: =95000+60000 -> 155000 | C30: 1.6 | D30: =+C30*B30 -> 248000 | E30: 0.023123387 | F30: =+D30*E30 -> 5734.6
F31: SUB-TOTAL | G31: =+SUM(F30:F30) -> 5734.6
A32: 5. OTROS
A33: DESCRIPCION | C33: UNIDAD | D33: PRECIO UNIT. | E33: CANTIDAD | F33: VALOR UNIT.
F37: SUB-TOTAL | G37: =SUM(F34:F36) -> 0
D39: TOTAL COSTO DIRECTO | G39: =+ROUND(SUM(G37+G31+G27+G21+G15),0) -> 20500
A40: 6. COSTOS INDIRECTOS
A41: DESCRIPCION | C41: PORCENTAJE | E41: VALOR TOTAL
A42: ADMINISTRACION | D42: 0.29 | F42: =D42*G39 -> 5945
A43: IMPREVISTOS | D43: 0.01 | F43: =+G39*D43 -> 205
A44: UTILIDAD | D44: 0.05 | F44: =+G39*D44 -> 1025
A45: UTILIDAD SOBRE UTILIDAD | D45: 0.19 | F45: =+F44*D45 -> 194.75
F46: SUB-TOTAL | G46: =+F42+F43+F44+F45 -> 7369.75
F49: PRECIO UNITARIO TOTAL | G49: =ROUND(G46+G39,0) -> 27870
A53: ELABORO
A54: ING. WILLIAN ESPINEL
A55: M.P 25202-359266
